Cogmind - Beta 16 @@@ ROGUE MODE // 2025.12.09 @ 20:17:27 Player: Boris Result: Destroyed by P-80 Master with Gamma Rifle Performance ------------- Evolutions (9) 4500 Regions Visited (26) 5200 Robots Destroyed (599) 2995 Value Destroyed (32728) 32728 Prototype IDs (178) 3560 Alien Tech Used (4) 800 Bonus (18938) 18938 TOTAL SCORE: 68721 Bonus ------- High Alert Combat Kills 10881 Follower Combat Kills 919 Delivered SUBCON Basin 2000 Registered with UFD 300 Met Optimus in HQ 500 Destroyed Z-Imprinter 1000 Met Warlord at Base 500 MAIN.C Attacked Warlord 500 Warlord Defense Kills 3812 Friendly Fire -1474 Cogmind --------- Core Integrity 0/1600 Matter 300/300 Energy 18/100 System Corruption 21% Temperature Cool (27) Movement Hovering (52) Location -1/Access Parts ------- > --- POWER (3) -------- (None) > --- PROPULSION (8) --- Concept Gyrokinetic System Concept Gyrokinetic System Concept Gyrokinetic System > --- UTILITY (11) ----- Advanced Signal Interpreter Advanced Targeting Computer Concept Core Analysis Suite Concept RG22 Armor Graphene Brace > --- WEAPON (3) ------- (None) > --- INVENTORY (5) ---- Concept NT7 Matterbank (539) Advanced Transmission Jammer Transdimensional Reconstructor Concept Plasma Driver Peak State ------------ > --- POWER ------------ Light Quantum Reactor Concept Zero-point Core > --- PROPULSION ------- Experimental Heavy Siege Treads Experimental Antigrav System Experimental Antigrav System Concept Combat Aerolev Unit Concept Gyrokinetic System Concept Gyrokinetic System Concept Gyrokinetic System > --- UTILITY ---------- Concept Antigrav Storage Unit Experimental Melee Analysis Suite Experimental Target Analyzer Concept Core Analysis Suite Experimental Weapon Cycler Concept Cloak Mesh Concept Cloak Mesh Centrium Medium Armor Plating Concept RG22 Armor Graphene Brace > --- WEAPON ----------- Concept Deflector Sword Sigix Broadsword > --- INVENTORY -------- Concept Zero-point Core Experimental Antigrav System Gravjet Array Concept Gyrokinetic System Experimental Cooling System Concept Chromion Battery Concept Chromion Battery Concept NT7 Matterbank Deep Structural Scanner Concept Melee Reflex Suite Concept Weapon Articulator Femtoactuators Experimental Force Booster Centrium Medium Armor Plating Experimental Remote Shield Concept Antimissile System Transdimensional Reconstructor Subatomic Replicator Vortex Shotgun Vortex Shotgun Concept Plasma Driver Concept Miniperforator Concept Miniperforator Concept Rapid Grenade Launcher [Rating: 292] Favorites ----------- Power Cold Fusion Reactor Engine Improved Deuterium Engine Power Core Concept Zero-point Core Reactor Cold Fusion Reactor Propulsion Assembled Alloy Leg Treads Light Treads Leg Assembled Alloy Leg Wheel Armored Wheel Hover Unit Cooled Antigrav System Flight Unit Cooled Impulse Thruster Utility High-capacity Storage Unit Device GOLEM Unit Storage High-capacity Storage Unit Processor Enhanced Optical Array Hackware Advanced System Shield Protection Assembled Alloy Armor Weapon Assembled Focal Cannon Energy Gun Zionite Laser-M Energy Cannon Assembled Focal Cannon Ballistic Gun Coil Gun Ballistic Cannon Assault Cannon Launcher Mini Smartbomb Launcher Special Weapon RU-N14's Throwing Claymores Impact Weapon Maul Slashing Weapon Ionic Axe Piercing Weapon CR-A16's Pointy Stick Special Melee Weapon Advanced Datajack Build | -11 -10 -10 -8 -8 -6 -6 -6 -6 -6 -5 -5 -5 -5 -4 -4 -4 -4 -4 -4 -3 -3 -3 -2 -2 -2 -1 ------- Run | Yrd Mat Sub Rec Scr Fac Low Low Zio Dee Pro Fac Was Fac Fac Was Fac Upp Upp War Pro Res Tes Res Qua Frg Acc Slots Evolved 18 | . . . . . 8 . . . . . 2 . . 2 . . . . . . 2 . 2 . . 2 Power 2 | . . . . . 1 . . . . . . . . . . . . . . . . . . . . 1 Propulsion 6 | . . . . . 2 . . . . . . . . 2 . . . . . . 1 . 1 . . . Utility 9 | . . . . . 4 . . . . . 2 . . . . . . . . . 1 . 1 . . 1 Weapon 1 | . . . . . 1 . . . . . . . . . . . . . . . . . . . . . Parts Attached 423 | 7 10 21 1 10 30 10 1 8 31 . 16 2 31 18 5 21 3 2 21 4 10 20 13 10 77 41 Power 45 | 1 1 2 . 1 6 . . . 2 . 2 . 1 1 1 2 1 . 1 . . 2 2 2 11 6 Engine 11 | 1 1 2 . 1 4 . . . 1 . . . . . . . 1 . . . . . . . . . Core 6 | . . . . . . . . . . . . . 1 . . 1 . . . . . 1 . . 2 1 Reactor 28 | . . . . . 2 . . . 1 . 2 . . 1 1 1 . . 1 . . 1 2 2 9 5 Propulsion 105 | 2 2 5 . 5 7 2 . 1 7 . . 1 11 5 3 7 . . 8 2 2 1 5 5 18 6 Treads 17 | 2 . 2 . 2 4 2 . . 1 . . 1 1 . . . . . . . . . . . 2 . Leg 10 | . . . . . . . . . 2 . . . 4 2 1 . . . 1 . . . . . . . Wheel 17 | . 2 3 . 3 3 . . 1 2 . . . 3 . . . . . . . . . . . . . Hover 60 | . . . . . . . . . 2 . . . 3 3 2 7 . . 6 2 2 1 5 5 16 6 Flight 1 | . . . . . . . . . . . . . . . . . . . 1 . . . . . . . Utility 180 | 2 4 8 1 1 9 4 . 2 15 . 10 1 12 7 1 10 1 2 10 2 6 8 5 1 37 21 Device 86 | 1 2 4 . . 4 2 . . 6 . 2 . 5 3 . 5 1 2 7 2 2 4 1 1 18 14 Storage 16 | 1 2 1 . 1 1 . . . 1 . . . . 1 . . . . . . 1 2 . . 5 . Processor 33 | . . . . . 1 1 . 2 . . 4 1 4 3 . 1 . . 2 . . . 1 . 7 6 Hackware 19 | . . . 1 . 2 . . . . . 4 . 2 . . 2 . . . . . 2 3 . 2 1 Protection 26 | . . 3 . . 1 1 . . 8 . . . 1 . 1 2 . . 1 . 3 . . . 5 . Artifact . | . . . . . . . . . . . . . . . . . . . . . . . . . . . Weapon 93 | 2 3 6 . 3 8 4 1 5 7 . 4 . 7 5 . 2 1 . 2 . 2 9 1 2 11 8 Energy Gun 20 | 1 . . . . 2 . . 1 5 . . . . . . . . . 1 . 1 3 . . 4 2 Energy Cannon 18 | . . 4 . . 2 2 . 1 1 . . . 1 . . 1 . . . . . 2 1 . 1 2 Ballistic Gun 14 | 1 . 1 . . 3 . . . . . . . . 4 . 1 . . . . 1 1 . . . 2 Ballistic Cannon 7 | . . . . 2 . . . . . . 1 . . . . . 1 . 1 . . . . . 2 . Launcher 8 | . 1 . . . 1 1 1 . . . 1 . 1 . . . . . . . . 1 . . 1 . Special Weapon 9 | . . 1 . . . 1 . 2 1 . . . 4 . . . . . . . . . . . . . Impact Weapon 5 | . 2 . . . . . . . . . . . . . . . . . . . . 1 . 1 1 . Slashing Weapon 7 | . . . . 1 . . . . . . 2 . 1 . . . . . . . . . . 1 1 1 Piercing Weapon 3 | . . . . . . . . 1 . . . . . . . . . . . . . . . . 1 1 Special Melee Weapon 2 | . . . . . . . . . . . . . . 1 . . . . . . . 1 . . . . Unidentified Prototypes 84 | . . . . . 5 1 . 1 15 . 2 . 3 . . . . . 13 . 3 11 1 3 26 . Corrupted Parts 1 | . . . . . . . . . . . . . 1 . . . . . . . . . . . . . System Corruption 1 | . . . . . . . . . . . . . 1 . . . . . . . . . . . . . Parts Lost 120 | . . 3 . . 8 . . . 11 1 8 . 15 3 . 1 . . . 2 2 2 . 1 21 42 Power 18 | . . 1 . . 2 . . . 2 . 3 . 1 1 . . . . . . . . . . 1 7 Propulsion 32 | . . . . . 4 . . . 3 . 1 . 7 2 . . . . . . . . . . 5 10 Utility 44 | . . 1 . . . . . . 6 1 3 . 4 . . 1 . . . 2 . 1 . 1 10 14 Weapon 26 | . . 1 . . 2 . . . . . 1 . 3 . . . . . . . 2 1 . . 5 11 Highest Loss Streak 15 | . . 3 . . 4 . . . 4 1 2 . 5 2 . 1 . . . 1 1 1 . 1 9 15 To Critical Strikes . | . . . . . . . . . . . . . . . . . . . . . . . . . . . Average Backups 15 | 2 12 6 13 20 18 18 19 18 15 19 18 16 17 7 9 8 8 9 9 10 10 14 13 13 20 20 Power . | . 1 . 1 1 . . 1 1 . 1 1 1 1 . . . . . . . . . . . 1 1 Propulsion . | . 3 1 1 1 . 1 2 2 . . . . . . . . . . . . . . . . . . Utility 7 | . 3 2 5 9 9 9 9 8 7 12 10 8 9 3 6 6 7 7 8 7 6 8 8 6 10 12 Weapon 5 | . 3 1 5 6 5 5 5 5 6 6 6 7 5 3 2 1 1 1 1 2 3 4 4 5 7 3 Tool/Special . | . . . . . . . . . . . . . . . . . . . . . . . . . . . Unused Backups 86 | . 8 5 . 11 3 2 1 3 2 . 3 . 11 2 1 . . 3 2 . 2 2 4 1 14 6 Power 9 | . 1 . . 1 1 . . . 1 . 1 . 2 . . . . . . . 1 . . . . 1 Propulsion 5 | . . 1 . 1 . . . . . . . . 1 . . . . 1 . . . 1 . . . . Utility 45 | . . 3 . 8 2 2 1 1 . . 1 . 5 1 1 . . 2 2 . 1 . 4 1 8 2 Weapon 21 | . 7 1 . 1 . . . 1 1 . 1 . 2 1 . . . . . . . 1 . . 5 . Tool/Special 6 | . . . . . . . . 1 . . . . 1 . . . . . . . . . . . 1 3 Average Slot Usage (%) 89 | . 99 96 100 89 91 93 93 86 85 86 86 82 78 74 93 97 100 100 96 93 84 85 84 80 89 90 Engine 5 | . 14 13 14 14 6 6 6 6 3 . . . . . 4 . . 5 1 . . . . . . . Reactor 3 | . . . . . 3 6 6 6 6 6 5 5 4 2 4 5 4 . 3 5 4 4 7 7 5 4 Treads 4 | . 10 9 . 4 12 15 13 13 10 . . 2 1 . . . . . . . . . . . . . Leg 4 | . . . . . . . . . 8 26 21 14 12 5 . . . . . . . . . . . . Wheel 8 | . 17 18 28 23 12 10 13 13 6 . . . 5 . . . . . . . . . . . . . Hover 8 | . . . . . . . . . . . . . . 14 26 30 31 31 30 31 30 28 27 27 30 29 Device 11 | . 14 17 7 . 8 6 6 8 13 13 8 5 7 6 5 10 15 15 15 19 16 14 16 16 18 17 Storage 7 | . 14 4 14 14 6 6 6 6 8 13 10 11 10 7 10 8 5 5 5 5 4 4 4 4 4 4 Processor 5 | . . . . . 5 6 6 5 1 . 7 17 9 18 19 12 10 10 10 10 9 9 8 8 8 15 Hackware 4 | . . . 6 14 14 6 6 3 . . 7 5 5 5 5 5 5 5 5 5 4 4 4 4 3 1 Protection 3 | . . 2 . . . 5 6 6 7 6 2 . 1 . 1 2 5 4 4 1 2 3 4 4 4 5 Energy Cannon 8 | . . 11 14 5 9 19 19 4 9 20 15 17 13 . . 2 5 5 4 5 4 3 3 . . . Ballistic Cannon 1 | . . . . 7 2 . . . . . . . . . . . . . . . . . . . . . Impact Weapon 3 | . 24 15 14 5 . . . 2 . . . . . . . . . . . . . . . . . . Slashing Weapon 1 | . . . . . . . . . . . . . . . 5 5 5 5 4 5 3 . . 3 4 4 Peak Build Rating 292 | 9 14 31 31 34 68 67 62 69 133 133 151 131 137 111 115 123 120 117 147 144 161 173 174 191 292 292 Average Rating 98 | 6 11 14 20 22 57 62 61 59 91 132 135 127 116 88 106 114 117 114 128 141 146 159 166 173 232 256 On Entrance 97 | . 9 13 31 21 26 52 62 62 66 133 133 131 131 63 90 110 120 115 115 141 141 151 156 169 172 207 Avg Prop Armor Cover (%) 7 | . . 10 . 7 8 8 8 9 8 2 2 11 10 10 5 3 . . . . . . . . 2 . Naked Turns . | . . . . . . . . . . . . . . . . . . . . . . . . . . . Heaviest Build 135 | 12 52 99 99 98 90 101 101 102 135 135 135 127 134 38 49 64 64 63 73 73 94 99 102 104 105 117 Greatest Support 130 | 40 40 32 32 50 75 96 26 26 114 90 114 84 100 50 64 72 71 71 78 80 100 104 110 110 130 130 Greatest Overweight (x) 32 | . 4 8 4 19 9 3 3 5 10 1 2 2 32 1 1 1 . . 1 . . 1 . 1 1 1 Average Overweight (x) 1 | . . 1 3 4 2 2 3 2 3 1 . 1 2 . . . . . . . . . . . . . Largest Inventory Capacity 25 | 8 20 25 25 25 20 20 20 20 20 20 20 20 20 10 10 10 10 10 10 10 15 15 15 15 25 25 Average Capacity 17 | 7 13 10 25 22 20 20 20 20 18 20 20 20 19 8 10 10 10 10 10 10 11 15 15 15 22 24 Most Carried 25 | 4 20 25 25 25 20 20 20 20 20 20 20 18 20 10 10 10 10 10 10 10 14 15 15 15 25 25 Average Carried 16 | 2 12 9 19 21 19 19 19 19 17 19 19 17 18 7 9 9 9 9 9 9 10 14 14 14 21 20 Final Capacity 25 | 8 15 25 25 20 20 20 20 20 20 20 20 20 5 10 10 10 10 10 10 10 15 15 15 15 25 5 Final Carried 25 | 4 15 25 25 20 20 20 20 20 20 20 19 18 5 10 10 10 10 10 10 10 14 15 14 14 21 4 Scrap Suit Usage (%) 4 | . . . . . 42 . . . 20 . . . . . . . . . . . . . . . . . Parts Cannibalized 5 | . . . . . 4 . . . 1 . . . . . . . . . . . . . . . . . Class Distribution -------------------- 28% | Mutant 19% | Scavenger-Mutant 12% | Golem 6% | Commander-Skirmisher 5% | Scavenger-Gladiator 4% | Hacker-Golem 3% | Scavenger-Tank 3% | Commander-Mutant 3% | Scavenger-Golem Dominant Class ---------------- Mutant | -10/Materials Mutant | -10/Subcaves Mutant | -8/Recycling Mutant | -8/Scraptown Hacker-Skirmisher | -6/Factory Commander-Skirmisher | -6/Lower Caves Commander-Skirmisher | -6/Lower Caves Commander-Mutant | -6/Zion Golem | -6/Deep Caves Golem | -5/Proximity Caves Hacker-Golem | -5/Factory Golem | -5/Waste Scavenger-Golem | -5/Factory Scavenger-Mutant | -4/Factory Scavenger-Sprinter | -4/Waste Scavenger-Mutant | -4/Factory Scavenger-Mutant | -4/Upper Caves Scavenger-Mutant | -4/Upper Caves Scavenger-Mutant | -4/Warlord Scavenger-Mutant | -3/Proximity Caves Scavenger-Mutant | -3/Research Scavenger-Mutant | -3/Testing Scavenger-Mutant | -2/Research Scavenger-Mutant | -2/Quarantine Scavenger-Gladiator | -2/Protoforge Scavenger-Gladiator | -1/Access Resources | -11 -10 -10 -8 -8 -6 -6 -6 -6 -6 -5 -5 -5 -5 -4 -4 -4 -4 -4 -4 -3 -3 -3 -2 -2 -2 -1 ----------- Run | Yrd Mat Sub Rec Scr Fac Low Low Zio Dee Pro Fac Was Fac Fac Was Fac Upp Upp War Pro Res Tes Res Qua Frg Acc Matter Collected 14224 | 290 110 863 30 120 865 159 173 142 668 10 294 33 673 258 95 355 209 69 560 171 150 772 600 479 3989 2087 Remotely . | . . . . . . . . . . . . . . . . . . . . . . . . . . . Salvage Created 32459 | 176 463 737 242 . 1357 114 292 70 849 941 2396 1197 2751 223 195 946 103 397 1969 1379 1050 1594 913 646 6634 4825 Parts 1618 | 19 13 42 2 . 60 9 17 5 34 33 104 18 132 9 8 62 5 25 97 74 58 119 55 37 364 217 Haulers Intercepted 10 | . 2 . . . 1 . . . . . . . 1 . . . . . . . 1 2 2 . . 1 Recyclers Shooed 7 | 1 1 . . . 3 . . . . . . . 1 . . . . . . . . . . . . 1 Parts Field Recycled . | . . . . . . . . . . . . . . . . . . . . . . . . . . . Retrieved Matter . | . . . . . . . . . . . . . . . . . . . . . . . . . . . Parts Self-Destructed 154 | . . 9 . . . 5 10 1 . 33 . . . . . . 4 24 . 68 . . . . . . Prevented 5 | . . . . . . . 5 . . . . . . . . . . . . . . . . . . . Parts Restored 7 | . . . . . . . . . . . . . . . . . . . . . . . . . 7 . Faulty 7 | . . . . . . . . . . . . . . . . . . . . . . . . . 7 . Kills | -11 -10 -10 -8 -8 -6 -6 -6 -6 -6 -5 -5 -5 -5 -4 -4 -4 -4 -4 -4 -3 -3 -3 -2 -2 -2 -1 ------- Run | Yrd Mat Sub Rec Scr Fac Low Low Zio Dee Pro Fac Was Fac Fac Was Fac Upp Upp War Pro Res Tes Res Qua Frg Acc Combat Hostiles Destroyed 484 | . 10 19 . . 23 4 7 . 14 16 46 4 47 4 . 17 1 8 30 24 14 17 17 8 96 58 Melee 82 | . 4 3 . . . . . . . . 1 . 4 . . 4 . . . . . . . 4 27 35 Guns 11 | . . . . . 8 . . . 1 . . . . 1 . . . . . . . . . . . 1 Cannons 291 | . . 6 . . 14 2 2 . 3 16 39 4 27 . . 7 1 8 25 21 14 15 10 4 51 22 AOE 77 | . 3 4 . . . 2 3 . 7 . 5 . 15 3 . 6 . . 5 3 . 2 7 . 12 . Classes Destroyed 36 | 3 4 3 . . 3 1 . 1 3 . 2 1 3 . 1 . 1 . 4 1 . 1 . . 4 . Worker 22 | 1 2 . . . . . . . . . . . 3 1 . 2 . . . . . 1 1 . 6 5 Builder 18 | . . . . . 4 . . . . . . . 4 . . . . . . . 1 2 . . 2 5 Tunneler 8 | 4 . . . . . . . . . . . . 1 1 . 1 . . . . 1 . . . . . Hauler 10 | . 2 . . . 1 . . . . . . . 1 . . . . . . . 1 2 2 . . 1 Recycler 15 | 1 1 . 3 . 2 . . . . . . . 3 1 . 1 . . . . . . 1 . . 2 Minesweeper 3 | . . . . . . . . . . . . . . . . . 1 2 . . . . . . . . Mechanic 4 | . . . . . . . . . . . . . . . . . . . 1 . 1 . . . 2 . Operator 7 | . . . . . . . . . . . 1 . 2 . . . . . . . . 1 . . 1 2 Drone 13 | . . . . . . . . . . . . . . . . . . . . . . . . . 3 10 Watcher 12 | . 2 . . . . . . . . . 1 . 1 . . . . . . . 1 . . 1 1 5 Swarmer 91 | . 6 4 . . 8 3 3 . . 5 9 . 6 3 . 4 . 5 3 9 5 5 9 . . 4 Cutter 3 | . . . . . . . . . . . . . . . . . . . . . . . . . . 3 Saboteur 8 | . . . . . . . . . . . . . 2 . . . . . 3 . . . . . 3 . Grunt 113 | . 4 3 . . 4 . 3 . . 8 19 . 7 . . 3 . 2 9 8 3 3 . 2 22 13 Brawler 12 | . . . . . . . . . . 1 . . 1 . . . . . 4 . . 1 . . 3 2 Duelist 8 | . . . . . . . . . . . 3 . . . . . . . 1 . . . . . 3 1 Protector 2 | . . . . . . . . . . . . . . . . . . . 1 . . . . . 1 . Researcher 13 | . . . . . . . . . . . . . . . . . . . . . . 8 . . 5 . Sentry 36 | . . 1 . . 2 . . . . 1 2 . 5 . . 2 1 1 . 3 3 . . 1 11 3 Specialist 5 | . . . . . . . . . . . . . 5 . . . . . . . . . . . . . Hunter 42 | . . . . . 4 . . . . . 5 . 8 . . 2 . . 3 . . 3 . . 5 12 Programmer 98 | . . . . . 5 . 1 . . 1 8 . 12 1 . 6 . . 3 4 3 5 8 5 26 10 Heavy 1 | . . . . . . . . . . . . . 1 . . . . . . . . . . . . . Compactor 4 | . . . . . . . . . . . . 4 . . . . . . . . . . . . . . Hotshot 2 | . . . . . . . . . . . . . . . . . . . . . . . . . 2 . Decapitator 11 | . . . . . . . . . . . . . . . . . . . . . . . . . 11 . Immortal 2 | . . . . . . . . . . . . . . . . . . . . . . . . . 2 . Striker 2 | . . . . . . . . . . . . . . . . . . . 2 . . . . . . . Executioner 2 | . . . . . . . . . . . . . . . . . . . 1 . . . . . 1 . Alpha 7 2 | . . . . . . . . . . . . . . . . . . . . . . . . . 2 . V-Series 1 | . . . . . . . . . . . . . . . . . . . . . . . . . 1 . Artisan 1 | . . 1 . . . . . . . . . . . . . . . . . . . . . . . . Subdweller 12 | . . 12 . . . . . . . . . . . . . . . . . . . . . . . . Scrapoid 1 | . . . . . . . . 1 . . . . . . . . . . . . . . . . . . Z-Light 8 | . . . . . . . . . 8 . . . . . . . . . . . . . . . . . Decomposer 1 | . . . . . . . 1 . . . . . . . . . . . . . . . . . . . Tinkerer 2 | . . . . . . . . . . . . . . . . . . . . 1 . . . . 1 . Assembled 3 | . . . . . . . . . 3 . . . . . . . . . . . . . . . . . Golem 3 | . . . . . . . . . 3 . . . . . . . . . . . . . . . . . Thug 2 | . . . . . . . . . . . . . . . . . . . 2 . . . . . . . Savage 1 | . . . . . . 1 . . . . . . . . . . . . . . . . . . . . Martyr 3 | . . . . . . . . . . . . . . . 3 . . . . . . . . . . . Best Kill Streak 20 | 5 4 4 1 . 5 3 3 . 3 5 6 3 18 4 . 5 1 4 11 6 7 6 12 4 17 20 Combat Bots Only 18 | . 3 4 . . 5 3 3 . 3 5 6 3 13 3 . 4 1 4 11 6 5 5 11 4 11 18 Max Kills in Single Turn 4 | 1 3 2 1 . 3 2 2 1 3 2 3 1 4 2 1 3 1 1 3 2 3 4 3 1 4 3 Gunslinging . | . . . . . . . . . . . . . . . . . . . . . . . . . . . Exploded 3 | . 3 2 . . . 2 2 . 3 . 3 . 3 2 . 3 . . 1 2 . 2 3 . 3 . Melee 2 | . 1 1 . . . . . . . . 1 . 1 . . 1 . . . . . . . 1 1 2 Uniques/NPCs Destroyed 1 | . . . . . . . . . 1 . . . . . . . . . . . . . . . . . Z-Imprinter (-6/Deep Caves) Combat | -11 -10 -10 -8 -8 -6 -6 -6 -6 -6 -5 -5 -5 -5 -4 -4 -4 -4 -4 -4 -3 -3 -3 -2 -2 -2 -1 -------- Run | Yrd Mat Sub Rec Scr Fac Low Low Zio Dee Pro Fac Was Fac Fac Was Fac Upp Upp War Pro Res Tes Res Qua Frg Acc Hostile Shots Fired 2707 | . 24 120 . . 205 2 10 2 101 33 231 . 349 54 . 66 . . 2 62 40 47 71 104 467 717 Missed 974 | . 8 30 . . 66 . 1 . 27 11 72 . 105 26 . 35 . . 1 26 20 22 29 47 159 289 Intercepted 1 | . . . . . . . . . . . . . . . . . . . . . . . . . . 1 Deflected 3 | . . . . . . . . . . . . . . . . . . . . . . . . . 1 2 Hits 1733 | . 16 90 . . 139 2 9 2 74 22 159 . 244 28 . 31 . . 1 36 20 25 42 57 308 428 Melee 25 | . . . . . . . . . . . 6 . 1 . . . . . . . . . . . 13 5 Projectile 1708 | . 16 90 . . 139 2 9 2 74 22 153 . 243 28 . 31 . . 1 36 20 25 42 57 295 423 AOE 9 | . . . . . 1 . . . . . 4 . . . . . . . . . . . . . . 4 Critical Strikes 145 | . . 1 . . 3 . 1 . 1 . 8 . 9 1 . 5 . . 1 3 2 . 3 3 26 78 Actively Blocked 90 | . . . . . . . . . . . . . . . . . . . . 1 . . . . 24 65 Part Disruptions 4 | . . . . . 1 . . . . . 1 . 1 . . . . . . . . . . . 1 . Damage Taken 37647 | . 185 1524 . . 2621 35 160 42 2483 321 3052 . 4298 599 . 576 . . 22 788 418 582 1263 1490 8443 8745 Core 4712 | . 37 196 . . 381 . . . 237 50 303 . 605 149 . 29 . . . 94 47 41 155 42 742 1604 Absorbed by Shields 625 | . . . . . . . . . . . . . . . . . . . . . . . . . 409 216 Reduced by Siege Mode 504 | . . . . . . . . . . . . . . . . . . . . . . . . . 504 . Redirected to Shielding 561 | . . . . . . . . . 458 . . . . . . . . . . . . . . . 103 . Ignored by Resistances 1686 | . . . . . . . . . . 68 270 . 335 . . . . . . . . . . . 480 533 Regen/Repaired (Parts) 6331 | . . . . . 73 . . . 10 . . . . . 35 41 . . . . 29 . . 875 2501 2767 Core Remaining (%) 47 | 100 . . . 6 . . . . . 21 . . 9 . . . . . . 76 . 93 . . 26 . Volleys Fired 1076 | 20 2 59 . . 83 9 12 . 52 38 110 19 113 5 . 23 13 25 72 73 33 43 38 19 143 72 Largest 3 | 2 1 2 . . 3 3 3 . 3 3 3 3 3 3 . 1 1 1 1 1 2 1 1 1 3 3 Hottest 308 | 70 30 160 . . 255 255 255 . 250 75 101 75 81 93 . 90 90 90 90 90 125 90 90 90 250 308 Shots Fired 1650 | 38 2 63 . . 188 18 25 . 65 108 247 53 222 9 . 23 13 26 72 71 34 43 37 19 194 80 Gun 207 | 38 . 4 . . 98 . . . 11 . . . . 7 . . . . . . 1 3 . . 37 8 Cannon 1328 | . . 36 . . 90 15 18 . 42 108 244 53 202 . . 22 13 26 64 69 33 38 34 19 130 72 Launcher 81 | . 2 5 . . . 1 7 . 10 . 3 . 8 2 . 1 . . 8 2 . 2 3 . 27 . Special 34 | . . 18 . . . 2 . . 2 . . . 12 . . . . . . . . . . . . . Kinetic 217 | 20 . 4 . . 96 . . . . . 6 . . 7 . . . . . . 1 . . . 37 46 Thermal 896 | 18 . 54 . . 92 15 18 . 28 108 238 53 195 . . . . . . . . 4 12 9 28 24 Explosive 71 | . 2 5 . . . 1 2 . 1 . 3 . 12 2 . 1 . . 8 2 . 2 3 . 27 . Electromagnetic 62 | . . . . . . . 5 . 34 . . . 12 . . . . . . . . . . . 1 10 Entropic 36 | . . . . . . . . . . . . . . . . . . . . . . . . . 36 . Phasic 361 | . . . . . . . . . . . . . . . . 22 13 26 64 69 33 37 22 10 65 . Robot Hit Streak 45 | 7 . 15 . . 13 7 8 . 19 25 24 14 21 5 . 10 4 7 4 5 4 11 4 12 30 45 Robot Miss Streak 9 | 2 . 1 . . 5 3 2 . 7 3 3 2 5 1 . 2 . 3 6 3 2 2 3 1 4 9 Penetration Max 4 | . . . . . 2 . . . . . . . . . . 1 . 1 4 2 4 3 1 . 3 2 Secondary Targets 1 | . . . . . 1 . . . . . . . . . . . . . . . . . . . . . Max Gunslinging Chain 1 | . . . . . 1 . . . . . . . . . . . . . . . . . . . . . Shots Hit Robots 1294 | 26 21 94 3 . 103 12 9 1 32 47 159 40 160 16 7 25 4 10 32 27 17 29 13 31 210 166 Core Hits 843 | 9 6 17 1 . 51 8 9 1 34 22 62 11 77 11 3 16 1 6 34 19 17 15 12 9 241 151 Critical Kills 51 | . . 2 1 . 4 . . . . . 1 . . . . . . . . . . . . . 15 28 Critical Parts Destroyed 75 | . 9 7 . . 2 . . . . . 1 . . . . . . . . . . . . . 25 31 Critical Strikes 393 | 3 9 11 1 . 6 . . . . . 2 . 4 . 1 12 4 10 63 33 19 28 10 6 99 72 Burn 3 | 3 . . . . . . . . . . . . . . . . . . . . . . . . . . Destroy 116 | . . . . . 6 . . . . . 2 . . . . . . . . . . . . . 47 61 Smash 23 | . 9 11 1 . . . . . . . . . . . . . . . . . . . . . 2 . Sever 27 | . . . . . . . . . . . . . 4 . 1 1 . . . . . . . 2 9 10 Impale 1 | . . . . . . . . . . . . . . . . . . . . . . . . . . 1 Detonate 8 | . . . . . . . . . . . . . . . . . . . . . . . . . 8 . Phase 215 | . . . . . . . . . . . . . . . . 11 4 10 63 33 19 28 10 4 33 . Melee Attacks 546 | . 24 100 6 . . . . 2 . . 1 . 24 19 7 20 3 3 1 . 4 3 1 33 155 140 Kinetic 11 | . . . . . . . . . . . . . . . . . . . . . . . . . 11 . Impact 147 | . 24 100 6 . . . . 1 . . . . . . . . . . . . . . . . 16 . Slashing 335 | . . . . . . . . . . . . . 24 2 7 19 1 1 1 . 4 . . 33 126 117 Piercing 45 | . . . . . . . . 1 . . 1 . . 14 . . 2 2 . . . . . . 2 23 Sneak Attacks 54 | . 5 3 3 . . . . 1 . . . . 1 6 7 2 . . . . . 3 . . 7 16 Combat Hostiles 11 | . . 1 . . . . . . . . . . . . . . . . . . . . . . 2 8 Follow-up Attacks 23 | . 1 3 . . . . . . . . . . 3 . . . . . . . . . . . 12 4 Martial Strikes 40 | . . . . . . . . . . . . . . . . . . . . . . . . . . 40 Damage Inflicted 83995 | 284 1137 3399 220 . 3062 476 623 64 1759 2243 8368 1694 11518 951 717 2246 160 601 3659 1960 1320 1997 2792 2030 21609 9106 Guns 5311 | 284 . 85 . . 1672 . . . 205 . . . . 121 . . . . . . . 24 . . 2746 174 Cannons 36539 | . . 704 . . 1309 370 161 . 670 2243 7654 1694 6756 . . 480 160 560 3080 1600 1320 1580 650 539 4009 1000 Explosions 18504 | . 167 323 . . 81 106 462 . 884 . 682 . 3850 482 . 1077 . . 579 360 . 393 2142 . 6916 . Melee 23302 | . 968 2192 220 . . . . 64 . . 32 . 717 348 717 689 . 41 . . . . . 1491 7938 7885 Ramming 49 | . 2 . . . . . . . . . . . . . . . . . . . . . . . . 47 Kinetic 3651 | 111 . 85 . . 1336 . . . . . 39 . . 121 . . . . . . . . . . 1414 545 Thermal 25408 | 173 . 799 . . 1726 370 161 . 679 2243 7615 1694 6664 . . 815 . . . 55 . 24 . 339 1452 599 Explosive 14551 | . 167 323 . . . 106 168 . 161 . 682 . 3404 482 . 262 . . 579 305 . 393 2142 . 5377 . Electromagnetic 1781 | . . . . . . . 294 . 919 . . . 538 . . . . . . . . . . . . 30 Impact 4885 | . 968 2192 220 . . . . . . . . . . . . . . . . . . . . . 1505 . Slashing 17296 | . . . . . . . . . . . . . 912 . 717 689 . . . . . . . 1491 6175 7312 Piercing 1058 | . . . . . . . . 64 . . 32 . . 348 . . . 41 . . . . . . . 573 Entropic 2746 | . . . . . . . . . . . . . . . . . . . . . . . . . 2746 . Phasic 12570 | . . . . . . . . . . . . . . . . 480 160 560 3080 1600 1320 1580 650 200 2940 . Highest Corruption 59 | . . . . . 4 4 4 4 . . 4 21 37 . . 5 5 5 5 6 . . 8 10 59 20 Average Corruption 12 | . . . . . 3 4 4 4 . . 2 14 21 . . 4 5 5 5 5 . . 7 8 28 5 Corruption Purged 4 | . . . . . . . . . . . . . 4 . . . . . . . . . . . . . Corruption Blocked . | . . . . . . . . . . . . . . . . . . . . . . . . . . . Effects 545 | . . . . . 24 27 26 2 . . 21 15 122 . . 20 6 12 1 26 . . 18 22 182 21 Message Errors 127 | . . . . . 7 10 5 . . . 4 2 30 . . 6 . 4 . 6 . . 1 3 40 9 Matter Fused 116 | . . . . . 7 1 5 2 . . 4 2 23 . . 4 2 3 . 6 . . 3 6 45 3 Heat Flow Errors 55 | . . . . . . 3 6 . . . 2 2 8 . . 1 1 1 1 4 . . 4 5 14 3 Energy Discharges 63 | . . . . . 5 5 2 . . . 4 2 8 . . 4 . 3 . 5 . . . 1 23 1 Parts Rejected 5 | . . . . . . . . . . . . . . . . . . . . . . . 1 2 2 . Parts Fused 6 | . . . . . 1 . . . . . . . 2 . . . 1 . . . . . . . 2 . Data Loss (minor) 59 | . . . . . 2 3 6 . . . 3 1 13 . . 3 1 . . 3 . . 5 4 14 1 Data Loss (major) 33 | . . . . . 1 3 . . . . 2 1 8 . . 1 1 . . . . . 1 1 13 1 Misfires 13 | . . . . . 1 . 1 . . . . . 7 . . . . 1 . . . . 1 . 2 . Alerts 15 | . . . . . . 1 1 . . . 1 . 6 . . 1 . . . . . . . . 4 1 Misdirections 18 | . . . . . . . . . . . . 1 6 . . . . . . . . . . . 10 1 Weapon Failures 35 | . . . . . . 1 . . . . 1 4 11 . . . . . . 2 . . 2 . 13 1 Overload Shots . | . . . . . . . . . . . . . . . . . . . . . . . . . . . Overflow Damage 5753 | . 539 601 62 . 97 5 47 . 27 111 519 . 716 25 81 181 . 30 . . 25 30 279 121 1491 766 Projectiles 1408 | . . . . . 13 5 27 . 23 111 492 . 534 . . . . 30 . . 25 . 47 . 44 57 Explosions 962 | . . 59 . . 84 . 20 . 4 . 27 . 163 10 . 63 . . . . . 30 232 . 270 . Melee 3383 | . 539 542 62 . . . . . . . . . 19 15 81 118 . . . . . . . 121 1177 709 Knockbacks 48 | . 4 12 1 . 2 . . . . . . . . . . . . . . . . . . . 9 20 Impact 24 | . 4 12 1 . . . . . . . . . . . . . . . . . . . . . 6 1 Kinetic 24 | . . . . . 2 . . . . . . . . . . . . . . . . . . . 3 19 Secondary . | . . . . . . . . . . . . . . . . . . . . . . . . . . . Self-Inflicted Damage 581 | . . 18 . . 101 . . . 28 . . . 62 68 . . . . . . . . 247 . 36 21 Shots 9 | . . 1 . . 1 . . . 1 . . . 1 1 . . . . . . . . 2 . 2 . Rammed 10 | . 1 . . . . . . . . . . . . . . . . . . . . . . . . 9 Targets Rammed 10 | . 1 . . . . . . . . . . . . . . . . . . . . . . . . 9 Kicked . | . . . . . . . . . . . . . . . . . . . . . . . . . . . Crushed . | . . . . . . . . . . . . . . . . . . . . . . . . . . . Highest Temperature 342 | 170 . 105 . . 281 227 216 . 335 17 149 265 259 . 294 293 255 106 78 215 10 250 277 268 279 342 Average Temperature 61 | 70 . 27 . . 83 105 86 . 122 7 35 115 69 . 59 57 13 29 10 71 5 80 48 57 86 59 Received Heat Transfer 5068 | . 60 309 . . 96 . 18 . 606 66 724 . 549 51 . 18 . . . 72 97 75 27 72 834 1394 Effects 6 | . . . . . 3 . . . . . . . . . . . . . . . . 1 . . 1 1 Energy Bleed 2 | . . . . . . . . . . . . . . . . . . . . . . 1 . . 1 . Interference 4 | . . . . . 3 . . . . . . . . . . . . . . . . . . . . 1 Siege Activations 1 | . . . . . . . . . . . . . . . . . . . . . . . . . 1 . Total Turns 70 | . . . . . . . . . . . . . . . . . . . . . . . . . 70 . Longest Duration 70 | . . . . . . . . . . . . . . . . . . . . . . . . . 70 . Martial Activations . | . . . . . . . . . . . . . . . . . . . . . . . . . . . Shielding Activations . | . . . . . . . . . . . . . . . . . . . . . . . . . . . Robots Disrupted 1 | . . 1 . . . . . . . . . . . . . . . . . . . . . . . . Combat Hostiles 1 | . . 1 . . . . . . . . . . . . . . . . . . . . . . . . Robots Corrupted 27 | . 7 8 1 . . . 2 . 3 . . . 1 . . . . . . . . . . . 5 . Combat Hostiles 22 | . 3 8 . . . . 2 . 3 . . . 1 . . . . . . . . . . . 5 . Parts Fried 49 | . 9 6 3 . . . 2 . 14 . . . 4 . . . . . 1 . . . . . 10 . Impact Corruptions 49 | . 19 18 2 . . . . . . . . . . . . . . . . . . . . . 10 . Robots Melted 2 | . . . . . 1 . . . . . 1 . . . . . . . . . . . . . . . Combat Hostiles 2 | . . . . . 1 . . . . . 1 . . . . . . . . . . . . . . . Parts Melted 30 | . . 2 . . 6 . . . 1 4 8 . 7 . . . . . . . . . . 2 . . Heat Transferred 17421 | 740 . 1349 . . 2523 444 185 . 602 1250 3950 1000 3461 . . 550 . . . 80 . 37 . 296 630 324 Parts Sabotaged 3 | . . . . . . . . . . . . . 1 . . . . . . . . . . . . 2 Parts Stolen . | . . . . . . . . . . . . . . . . . . . . . . . . . . . Parts Stripped 30 | . . . . . . . . . . . . . . . . . . . . . . . . . 30 . Power Chain Reactions 4 | . . . . . . . 1 . 2 . . . 1 . . . . . . . . . . . . . Alert | -11 -10 -10 -8 -8 -6 -6 -6 -6 -6 -5 -5 -5 -5 -4 -4 -4 -4 -4 -4 -3 -3 -3 -2 -2 -2 -1 ------- Run | Yrd Mat Sub Rec Scr Fac Low Low Zio Dee Pro Fac Was Fac Fac Was Fac Upp Upp War Pro Res Tes Res Qua Frg Acc Maximum Alert Level 5 | . . . . . 1 . . . . . 2 . 2 3 1 4 . . . . 2 3 3 2 5 5 Low Security (%) 37 | 100 100 . 100 . 88 . . . . . 31 100 26 . 41 83 . . . . 14 18 32 . . . Level 1 12 | . . . . . 11 . . . . . 12 . 16 29 58 1 . . . . 36 26 42 13 4 . Level 2 25 | . . . . . . . . . . . 55 . 57 49 . 5 . . . . 49 40 10 86 12 . Level 3 6 | . . . . . . . . . . . . . . 20 . 8 . . . . . 13 13 . 22 . Level 4 6 | . . . . . . . . . . . . . . . . . . . . . . . . . 30 7 Level 5 12 | . . . . . . . . . . . . . . . . . . . . . . . . . 31 92 High Security . | . . . . . . . . . . . . . . . . . . . . . . . . . . . Max Security . | . . . . . . . . . . . . . . . . . . . . . . . . . . . Peak Influence 3183 | 15 115 . 40 . 336 . . . . . 687 198 629 758 265 1103 . . . . 668 746 775 671 2599 3183 Initial 1549 | . . . 8 . . . . . . . . 192 78 306 265 91 . . . . 194 375 355 431 384 1549 Average 590 | 1 34 . 7 . 107 . . . . . 346 159 353 508 209 189 . . . . 378 430 348 485 1292 2212 Influence Increases 18820 | 30 409 375 167 . 849 109 285 . . 385 1431 20 1782 752 6 1394 25 180 788 610 850 1096 912 613 3281 2471 Destroy 0b10 Robot/C 9300 | . 200 160 . . 460 60 160 . . 320 920 . 1000 180 . 340 20 160 660 480 280 500 340 160 1940 960 Destroy 0b10 Robot/NC 555 | 30 35 . 15 . 35 . . . . 10 10 . 75 20 . 20 5 10 10 . 25 30 20 5 100 100 Destroy Leader 1434 | . 38 20 . . 122 10 30 . . 40 162 . 244 50 . 60 . 10 . 40 64 54 54 22 212 202 Allied During Kill 272 | . . . . . . 24 95 . . . . . 9 56 . . . . 88 . . . . . . . Trap Triggered on 0b10 10 | . . . . . . . . . . . . . 10 . . . . . . . . . . . . . Successful Hack 612 | . 27 . 29 . 95 . . . . . 10 . 50 9 . 12 . . . . 42 86 12 12 72 156 Select Force Hacks 200 | . 30 . 120 . . . . . . . . . . . . 50 . . . . . . . . . . Disable Machine 1620 | . . . . . 30 . . . . . 90 . 45 165 . 390 . . . . 15 180 60 165 405 75 Anti-Garrison Action 200 | . . . . . . . . . . . . . . . . . . . . . . . . . 200 . Destroy Structure 2342 | . 19 . 3 . 62 . . . . . 164 20 204 92 6 462 . . . . 304 216 381 99 127 183 Partial Spotted 315 | . . . . . . . . . . . . . . 45 . 30 . . . . 15 15 15 75 75 45 Lose Combat Pursuer 1860 | . 60 195 . . 45 15 . . . 15 75 . 45 135 . 30 . . 30 90 105 15 30 75 150 750 Active Sensor Use 100 | . . . . . . . . . . . . . 100 . . . . . . . . . . . . . Influence Decreases 15706 | 30 314 452 185 . 849 109 285 . . 385 881 458 1267 621 633 428 605 377 548 882 470 1132 777 696 1382 1940 Entered New Map 5023 | . . 47 10 . . . . . . . . 358 34 321 493 40 407 99 320 560 94 293 277 336 300 1034 Time Decay 7549 | 30 314 405 175 . 434 109 285 . . 385 501 100 603 230 120 368 198 278 196 302 206 402 350 350 722 486 Lost Part 1050 | . . . . . 80 . . . . . 80 . 150 30 . 10 . . . 20 20 20 . 10 210 420 Lost Ally 142 | . . . . . . . . . . . . . 30 40 20 10 . . 32 . . 10 . . . . Purge Threat 1942 | . . . . . 335 . . . . . 300 . 450 . . . . . . . 150 407 150 . 150 . Squads Dispatched 122 | . 2 . . . 10 . . . . . 14 . 14 7 . 12 . . . . 8 6 5 4 16 24 Investigation 34 | . 2 . . . 4 . . . . . 2 . 2 4 . 9 . . . . 5 1 . 1 2 2 Extermination 39 | . . . . . 5 . . . . . 5 . 5 1 . 2 . . . . 2 2 3 2 7 5 Reinforcement 23 | . . . . . 1 . . . . . 3 . 4 2 . 1 . . . . 1 2 1 . 1 7 Assault 20 | . . . . . . . . . . . 1 . . . . . . . . . . 1 1 1 6 10 Garrison 6 | . . . . . . . . . . . 3 . 3 . . . . . . . . . . . . . Intercept . | . . . . . . . . . . . . . . . . . . . . . . . . . . . Searches Triggered . | . . . . . . . . . . . . . . . . . . . . . . . . . . . Unchained Authorized 1 | . . . . . . . . . . . . . . . . . . . . . . . . . . 1 Construction Impeded 10 | . . . . . . . . . . . 3 . 2 2 . . . . . . . 1 . . 1 1 Haulers Reinforced 1 | . . . . . 1 . . . . . . . . . . . . . . . . . . . . . Active Scanning Responses 1 | . . . . . . . . . . . . . 1 . . . . . . . . . . . . . Cargo Convoy Interrupts 2 | . . . . . 1 . . . . . . . 1 . . . . . . . . . . . . . Stealth | -11 -10 -10 -8 -8 -6 -6 -6 -6 -6 -5 -5 -5 -5 -4 -4 -4 -4 -4 -4 -3 -3 -3 -2 -2 -2 -1 --------- Run | Yrd Mat Sub Rec Scr Fac Low Low Zio Dee Pro Fac Was Fac Fac Was Fac Upp Upp War Pro Res Tes Res Qua Frg Acc Distress Signals 10 | . . . . . . . . . . . 2 . 2 . . 1 . 1 . . . . 1 . . 3 Communications Jammed 48 | . . . . . . . . . . . . . 20 . . . . . . . . 5 1 12 10 . Distress Signals 46 | . . . . . . . . . . . . . 20 . . . . . . . . 5 1 10 10 . Times Spotted 793 | . 16 33 . . 30 7 7 1 18 17 55 6 62 24 1 32 1 2 76 25 21 25 23 27 109 175 Peak Tracking Total 36 | . 3 6 . . 5 4 3 1 5 5 7 3 14 7 1 8 . 2 14 9 10 4 5 9 14 36 Tactical Retreats 71 | . 3 12 . . 1 1 . . 1 1 3 . 2 5 . 5 . . 2 4 3 1 1 2 7 17 ECM-based Alert Blocks 11 | . . . . . . . . . . . . . . 2 . 9 . . . . . . . . . . Traps | -11 -10 -10 -8 -8 -6 -6 -6 -6 -6 -5 -5 -5 -5 -4 -4 -4 -4 -4 -4 -3 -3 -3 -2 -2 -2 -1 ------- Run | Yrd Mat Sub Rec Scr Fac Low Low Zio Dee Pro Fac Was Fac Fac Was Fac Upp Upp War Pro Res Tes Res Qua Frg Acc Traps Triggered 35 | . 2 . . . 4 . . . . . 3 . 1 2 . . . . . . . 3 1 . 18 1 Indirectly . | . . . . . . . . . . . . . . . . . . . . . . . . . . . Trap Hack Attempts . | . . . . . . . . . . . . . . . . . . . . . . . . . . . Triggered . | . . . . . . . . . . . . . . . . . . . . . . . . . . . Disarmed 3 | . . . . . 3 . . . . . . . . . . . . . . . . . . . . . Reprogrammed . | . . . . . . . . . . . . . . . . . . . . . . . . . . . Reused 2 | . . 1 . . . . . . . . . . 1 . . . . . . . . . . . . . Traps Extracted . | . . . . . . . . . . . . . . . . . . . . . . . . . . . Installed 2 | . . 1 . . . . . . . . . . 1 . . . . . . . . . . . . . Triggered 1 | . . . . . . . . . . . . . 1 . . . . . . . . . . . . . Most Traps Carried 8 | . . 1 . 1 1 1 1 1 1 1 1 1 1 . . . . 8 8 8 8 8 8 8 . . Machines | -11 -10 -10 -8 -8 -6 -6 -6 -6 -6 -5 -5 -5 -5 -4 -4 -4 -4 -4 -4 -3 -3 -3 -2 -2 -2 -1 ---------- Run | Yrd Mat Sub Rec Scr Fac Low Low Zio Dee Pro Fac Was Fac Fac Was Fac Upp Upp War Pro Res Tes Res Qua Frg Acc Machines Disabled 135 | . . . . . 2 . . . 3 . 6 . 3 11 . 26 . 1 2 6 1 15 4 11 39 5 Max in Single Turn 11 | . . . . . 2 . . . 1 . 3 . 2 1 . 11 . 1 1 4 1 3 1 2 2 1 Garrison Access 3 | . . . . . . . . . . . . . . . . . . . . . . 1 . . 1 1 Machines Repaired . | . . . . . . . . . . . . . . . . . . . . . . . . . . . Machines Dismantled . | . . . . . . . . . . . . . . . . . . . . . . . . . . . Machines Sabotaged 1 | . . . . . . . . . . . . . . . . 1 . . . . . . . . . . Overloaded Fab Kills . | . . . . . . . . . . . . . . . . . . . . . . . . . . . Hacking | -11 -10 -10 -8 -8 -6 -6 -6 -6 -6 -5 -5 -5 -5 -4 -4 -4 -4 -4 -4 -3 -3 -3 -2 -2 -2 -1 --------- Run | Yrd Mat Sub Rec Scr Fac Low Low Zio Dee Pro Fac Was Fac Fac Was Fac Upp Upp War Pro Res Tes Res Qua Frg Acc Machines Accessed 130 | . 9 4 7 4 14 . 1 . . . 6 . 6 7 . 11 1 . 6 . 12 8 8 8 8 10 Terminals 65 | . 8 . 3 . 8 . . . . . 5 . 4 3 . 3 . . . . 7 5 3 5 6 5 Fabricators 10 | . . . . . 2 . . . . . 1 . . 1 . 2 . . . . . . 3 . . 1 Repair Stations 5 | . . . . . 1 . . . . . . . . . . 1 . . . . 1 . . 1 . 1 Recycling Units 17 | . 1 . 4 . 3 . . . . . . . 1 2 . 3 . . . . 2 . . . . 1 Scanalyzers 12 | . . . . . . . . . . . . . 1 1 . 1 . . . . 2 2 1 2 1 1 Garrison Access 5 | . . . . . . . . . . . . . . . . 1 . . . . . 1 1 . 1 1 Total Hacks 415 | . 28 7 20 24 61 . 1 . . . 23 . 26 28 . 45 1 . 12 . 32 19 23 15 19 31 Successful 224 | . 17 7 11 24 36 . 1 . . . 13 . 13 17 . 23 1 . 12 . 8 9 7 6 11 8 Failed 187 | . 10 . 9 . 24 . . . . . 10 . 13 11 . 21 . . . . 24 9 16 9 8 23 Catastrophic 33 | . . . 1 . 2 . . . . . 1 . 2 1 . 2 . . . . 6 1 5 2 4 6 Database Lockouts 4 | . 1 . . . 1 . . . . . . . . . . 1 . . . . . 1 . . . . Manual 185 | . 20 . 11 . 32 . . 9 . . 17 . 5 12 . 12 . . 2 . 18 3 9 6 13 16 Terminals 237 | . 26 . 9 . 47 . . . . . 19 . 20 18 . 11 . . . . 21 14 12 8 17 15 Fabricators 33 | . . . . . 6 . . . . . 4 . . 3 . 10 . . . . . . 6 . . 4 Repair Stations 14 | . . . . . 2 . . . . . . . . . . 7 . . . . 1 . . 1 . 3 Recycling Units 39 | . 2 . 11 . 6 . . . . . . . 1 3 . 11 . . . . 3 . . . . 2 Scanalyzers 36 | . . . . . . . . . . . . . 5 4 . 3 . . . . 7 4 3 6 1 3 Garrison Access 11 | . . . . . . . . . . . . . . . . 3 . . . . . 1 2 . 1 4 Terminal Hacks 106 | . 5 7 3 24 16 . 1 . . . 5 . 6 5 . 3 1 . 12 . 2 6 1 2 6 1 Record 40 | . . 4 . 23 . . . . . . . . . . . . . . 11 . . . . . 1 1 Part Schematic 4 | . . . 1 . 2 . . . . . 1 . . . . . . . . . . . . . . . Robot Schematic 2 | . . . 2 . . . . . . . . . . . . . . . . . . . . . . . Robot Analysis 1 | . 1 . . . . . . . . . . . . . . . . . . . . . . . . . Prototype ID Bank 1 | . . . . . 1 . . . . . . . . . . . . . . . . . . . . . Open Door 4 | . . 1 . . . . 1 . . . . . . . . . 1 . 1 . . . . . . . Branch Access Points 3 | . . . . . 1 . . . . . . . 1 . . 1 . . . . . . . . . . Machine Index 1 | . . . . . . . . . . . . . . . . 1 . . . . . . . . . . Terminal Index 5 | . 1 . . . 1 . . . . . 1 . 1 1 . . . . . . . . . . . . Alert Level 6 | . . . . . 1 . . . . . . . 1 1 . . . . . . . . . 2 1 . Unreport Threat 14 | . . . . . 3 . . . . . 2 . 3 . . . . . . . 1 3 1 . 1 . Locate Traps 7 | . 2 . . . 2 . . . . . . . . 1 . 1 . . . . . 1 . . . . Disarm Traps 1 | . . . . . 1 . . . . . . . . . . . . . . . . . . . . . Patrol Status 1 | . . . . . . . . . . . . . . . . . . . . . . . . . 1 . Transport Status 1 | . . . . . 1 . . . . . . . . . . . . . . . . . . . . . Investigation Status 1 | . . . . . . . . . . . . . . 1 . . . . . . . . . . . . Recall Investigation 1 | . . . . . . . . . . . . . . 1 . . . . . . . . . . . . Recall Extermination 1 | . . . . . 1 . . . . . . . . . . . . . . . . . . . . . Hauler Manifests 3 | . 1 . . . . . . . . . . . . . . . . . . . 1 1 . . . . Zone Layout 5 | . . . . . 2 . . . . . 1 . . . . . . . . . . 1 . . 1 . Proto ID Catalog 3 | . . 1 . 1 . . . . . . . . . . . . . . . . . . . . 1 . Release Object 1 | . . 1 . . . . . . . . . . . . . . . . . . . . . . . . Fabricator Hacks 19 | . . . . . 3 . . . . . 3 . . 2 . 6 . . . . . . 4 . . 1 Network Status 3 | . . . . . 1 . . . . . 1 . . 1 . . . . . . . . . . . . Load Schematic 9 | . . . . . 1 . . . . . 1 . . 1 . 4 . . . . . . 2 . . . Build 7 | . . . . . 1 . . . . . 1 . . . . 2 . . . . . . 2 . . 1 Repair Station Hacks 4 | . . . . . 2 . . . . . . . . . . 1 . . . . . . . . . 1 Scan Component 3 | . . . . . 1 . . . . . . . . . . 1 . . . . . . . . . 1 Repair 1 | . . . . . 1 . . . . . . . . . . . . . . . . . . . . . Recycling Unit Hacks 7 | . 1 . 3 . . . . . . . . . . 1 . 2 . . . . . . . . . . Retrieve Components 7 | . 1 . 3 . . . . . . . . . . 1 . 2 . . . . . . . . . . Scanalyzer 17 | . . . . . . . . . . . . . 5 3 . 2 . . . . 1 2 1 2 . 1 Retrieve Study 17 | . . . . . . . . . . . . . 5 3 . 2 . . . . 1 2 1 2 . 1 Garrison Access Hacks 2 | . . . . . . . . . . . . . . . . . . . . . . 1 . . . 1 Seal Access 2 | . . . . . . . . . . . . . . . . . . . . . . 1 . . . 1 Unauthorized Hacks 69 | . 11 . 5 . 15 . . . . . 5 . 2 6 . 9 . . . . 5 . 1 2 5 3 Terminals 43 | . 10 . 1 . 12 . . . . . 4 . 1 3 . 2 . . . . 2 . 1 1 4 2 Track 4 | . . . . . 1 . . . . . . . . . . . . . . . . . . 1 2 . Botnet 21 | . 4 . 1 . 5 . . . . . 2 . 1 2 . 1 . . . . 1 . . . 2 2 Operators 4 | . 1 . . . 1 . . . . . 1 . . . . . . . . . . . 1 . . . Skim 13 | . 5 . . . 5 . . . . . 1 . . 1 . . . . . . 1 . . . . . Sabotage 1 | . . . . . . . . . . . . . . . . 1 . . . . . . . . . . Fabricators 5 | . . . . . . . . . . . 1 . . 1 . 3 . . . . . . . . . . Prioritize 2 | . . . . . . . . . . . 1 . . . . 1 . . . . . . . . . . Recompile 3 | . . . . . . . . . . . . . . 1 . 2 . . . . . . . . . . Repair Stations 3 | . . . . . . . . . . . . . . . . 1 . . . . 1 . . 1 . . Patch 3 | . . . . . . . . . . . . . . . . 1 . . . . 1 . . 1 . . Recycling Units 17 | . 1 . 4 . 3 . . . . . . . 1 2 . 3 . . . . 2 . . . . 1 Recyclers 1 | . . . . . . . . . . . . . . . . . . . . . . . . . . 1 Tunnel 5 | . 1 . 4 . . . . . . . . . . . . . . . . . . . . . . . Fedlink 9 | . . . . . 2 . . . . . . . 1 1 . 3 . . . . 2 . . . . . Scrapoids 2 | . . . . . 1 . . . . . . . . 1 . . . . . . . . . . . . Scanalyzers . | . . . . . . . . . . . . . . . . . . . . . . . . . . . Garrison Access 1 | . . . . . . . . . . . . . . . . . . . . . . . . . 1 . Jam 1 | . . . . . . . . . . . . . . . . . . . . . . . . . 1 . Data Cores Recovered . | . . . . . . . . . . . . . . . . . . . . . . . . . . . Used . | . . . . . . . . . . . . . . . . . . . . . . . . . . . Hacking Detections 92 | . 9 . 6 . 12 . . . . . 6 . 4 4 . 6 . . . . 10 6 7 7 5 10 Full Trace Events 12 | . . . 2 . 1 . . . . . 2 . . 1 . 1 . . . . 2 . . . 1 2 Feedback Events . | . . . . . . . . . . . . . . . . . . . . . . . . . . . Feedback Blocked . | . . . . . . . . . . . . . . . . . . . . . . . . . . . Robot Schematics Acquired 15 | . . . 2 . . . . 4 . . . . . . . . . . . . . 4 . . 5 . Robots Built . | . . . . . . . . . . . . . . . . . . . . . . . . . . . Authchips . | . . . . . . . . . . . . . . . . . . . . . . . . . . . Time . | . . . . . . . . . . . . . . . . . . . . . . . . . . . Total Robot Build Rating . | . . . . . . . . . . . . . . . . . . . . . . . . . . . Part Schematics Acquired 54 | . . . 1 . 2 . . 14 . . 6 . 1 . . . . . . . . 20 . . 10 . Parts Built 10 | . . . . . 2 . . . . . 2 . . . . 2 . . . . . . 2 . . 2 Authchips 4 | . . . . . . . . . . . . . . . . 2 . . . . . . 2 . . . Time 434 | . . . . . 31 . . . . . 53 . . . . 162 . . . . . . 142 . . 46 Total Part Build Rating 65 | . . . . . 4 . . . . . 12 . . . . 14 . . . . . . 17 . . 18 Part Studies Acquired 17 | . . . . . . . . . . . . . 5 3 . 2 . . . . 1 2 1 2 . 1 Parts Repaired 1 | . . . . . 1 . . . . . . . . . . . . . . . . . . . . . Time 13 | . . . . . 13 . . . . . . . . . . . . . . . . . . . . . Parts Recycled . | . . . . . . . . . . . . . . . . . . . . . . . . . . . Recycled Matter . | . . . . . . . . . . . . . . . . . . . . . . . . . . . Retrieved Matter . | . . . . . . . . . . . . . . . . . . . . . . . . . . . Retrieved Components 14 | . . . 7 . . . . . . . . . . 3 . 4 . . . . . . . . . . Parts Scanalyzed . | . . . . . . . . . . . . . . . . . . . . . . . . . . . Part Schematics Acquired . | . . . . . . . . . . . . . . . . . . . . . . . . . . . Parts Damaged . | . . . . . . . . . . . . . . . . . . . . . . . . . . . Bothacking | -11 -10 -10 -8 -8 -6 -6 -6 -6 -6 -5 -5 -5 -5 -4 -4 -4 -4 -4 -4 -3 -3 -3 -2 -2 -2 -1 ------------ Run | Yrd Mat Sub Rec Scr Fac Low Low Zio Dee Pro Fac Was Fac Fac Was Fac Upp Upp War Pro Res Tes Res Qua Frg Acc Used RIF Installer . | . . . . . . . . . . . . . . . . . . . . . . . . . . . Robots Hacked 9 | . . . . . . . . . . . . . 3 3 . 1 . . . . . 1 1 . . . Non-combat 6 | . . . . . . . . . . . . . 2 3 . . . . . . . 1 . . . . Combat . | . . . . . . . . . . . . . . . . . . . . . . . . . . . Robot Hacks Applied 6 | . . . . . . . . . . . . . 2 3 . . . . . . . 1 . . . . parse_system 1 | . . . . . . . . . . . . . . 1 . . . . . . . . . . . . find_chute 1 | . . . . . . . . . . . . . . 1 . . . . . . . . . . . . find_fabricator 2 | . . . . . . . . . . . . . 1 1 . . . . . . . . . . . . find_station 1 | . . . . . . . . . . . . . 1 . . . . . . . . . . . . . check_alert 1 | . . . . . . . . . . . . . . . . . . . . . . 1 . . . . Manual 4 | . . . . . . . . . . . . . 1 . . 1 . . . . . 1 1 . . . Relay Couplers Released 7 | . . . . . 4 . . . . . . . . . . . . . . . . . . . . 3 Programmers 7 | . . . . . 4 . . . . . . . . . . . . . . . . . . . . 3 Fabnet Peak Effective % . | . . . . . . . . . . . . . . . . . . . . . . . . . . . Robots Rewired 8 | . . 1 . . . 2 . . . . . . . . . . . . 5 . . . . . . . Allies Hacked 2 | . . . . . . . . . . . . . . . . 1 . . . . . . 1 . . . Hacks Repelled . | . . . . . . . . . . . . . . . . . . . . . . . . . . . Allies | -11 -10 -10 -8 -8 -6 -6 -6 -6 -6 -5 -5 -5 -5 -4 -4 -4 -4 -4 -4 -3 -3 -3 -2 -2 -2 -1 -------- Run | Yrd Mat Sub Rec Scr Fac Low Low Zio Dee Pro Fac Was Fac Fac Was Fac Upp Upp War Pro Res Tes Res Qua Frg Acc Total Allies 46 | . . 1 . . 5 2 . 3 . . . 1 1 5 20 1 . . 5 . . 1 1 . . . Largest Group 20 | . . 1 . . 5 7 7 10 9 . . 1 1 5 20 1 . . 5 . . 1 1 . . . Highest-Rated Group 780 | . . 17 . . 143 183 183 264 236 . . 31 31 235 780 26 . . 260 . . 10 45 . . . Highest-Rated Ally 56 | . . 17 . . 31 31 31 39 39 . . 31 31 47 50 26 . . 56 . . 10 45 . . . Total Orders 26 | . . 1 . . . 2 7 4 3 . . . . . . 2 . . 5 . . . 2 . . . STAY 14 | . . 1 . . . 1 4 2 1 . . . . . . 1 . . 3 . . . 1 . . . FOLLOW 10 | . . . . . . 1 3 2 2 . . . . . . 1 . . . . . . 1 . . . EXPLORE 2 | . . . . . . . . . . . . . . . . . . . 2 . . . . . . . Ally Attacks 255 | . . . . . . 40 4 . 63 . . 28 12 46 27 . . . 35 . . . . . . . Total Damage 7931 | . . . . . . 753 88 . 3660 . . 384 108 1551 651 . . . 736 . . . . . . . Kills 39 | . . . . . . 5 1 . 13 . . 2 3 8 2 . . . 5 . . . . . . . Allies Corrupted 1 | . . . . . . . . . . . . . . . . . . . 1 . . . . . . . Allies Melted 1 | . . . . . . . . . . . . . . . . . . . 1 . . . . . . . Intel | -11 -10 -10 -8 -8 -6 -6 -6 -6 -6 -5 -5 -5 -5 -4 -4 -4 -4 -4 -4 -3 -3 -3 -2 -2 -2 -1 ------- Run | Yrd Mat Sub Rec Scr Fac Low Low Zio Dee Pro Fac Was Fac Fac Was Fac Upp Upp War Pro Res Tes Res Qua Frg Acc Active Infowar (turns) 27033 | 107 1102 3476 518 . 1991 1178 1098 1589 . . 2318 203 2171 485 241 871 410 611 997 675 439 1022 787 783 2853 1108 Optics 15637 | . . 1442 . . 1779 4 . . . . 2318 203 1914 485 241 871 410 611 997 675 439 1022 787 783 656 . Sensors 4205 | . . . . . . 1172 1098 1589 . . . . 20 . . . . . . . . . . . . 326 A.S.S. 257 | . . . . . . . . . . . . . 257 . . . . . . . . . . . . . IFF 4902 | . . . . . . . . . . . . . . . . 431 380 611 997 298 . 938 745 502 . . Terrain 771 | 107 181 222 . . . . . . . . 261 . . . . . . . . . . . . . . . Structural 5015 | . . . . . . . . . . . . . . . . 128 333 486 427 363 436 863 636 421 291 631 Seismic 5296 | . 921 3184 518 . 667 6 . . . . . . . . . . . . . . . . . . . . Decoding 3371 | . . . . . . . . . . . . . 71 485 241 871 410 611 682 . . . . . . . T.N.C. 203 | . . . . . . . . . . . . . . . . . . . . . . . . . . 203 Machine Analysis 77 | . . . . . . . . . . . 77 . . . . . . . . . . . . . . . Cloaking 2298 | . . . . . . . . . . . . . . . . . . . . . . . . . 1610 688 Jamming 4695 | . . . . . . . . . . . . . 417 1 . . . . . . 1 658 768 676 2172 2 ECM 97 | . . . . . . . . . . . . . . 2 . 94 . . . . . . . . 1 . Robot Analysis Total 1 | . 1 . . . . . . . . . . . . . . . . . . . . . . . . . Derelict Logs Recovered 17 | . . 3 . 4 . 2 2 . . 1 . . . . . . 2 3 . . . . . . . . Drone Launches 2 | . . . . . . . . . . . . . . . . . . . 2 . . . . . . . Drone Recoveries . | . . . . . . . . . . . . . . . . . . . . . . . . . . . Decoded 0b10 Intel 88 | . . . . . . . . . . . . . 4 34 12 38 . . . . . . . . . . Items 88 | . . . . . . . . . . . . . 4 34 12 38 . . . . . . . . . . Exploration | -11 -10 -10 -8 -8 -6 -6 -6 -6 -6 -5 -5 -5 -5 -4 -4 -4 -4 -4 -4 -3 -3 -3 -2 -2 -2 -1 ------------- Run | Yrd Mat Sub Rec Scr Fac Low Low Zio Dee Pro Fac Was Fac Fac Was Fac Upp Upp War Pro Res Tes Res Qua Frg Acc Turns Passed 40470 | 204 1102 4366 944 4196 2009 1215 1114 1803 4752 1940 2355 203 2250 485 241 871 410 611 997 675 439 1022 787 783 3434 1262 Spaces Moved 31961 | 85 695 2781 604 2710 1175 758 775 1225 2225 758 967 63 1003 638 332 1463 664 764 1144 914 744 1040 1205 1138 4314 1777 Core 76 | 1 . . . 10 . . . . . . . . 65 . . . . . . . . . . . . . Treads 1952 | 84 203 550 . 236 354 72 . . 453 . . . . . . . . . . . . . . . . . Legs 3151 | . . . . . . . . . 792 758 967 63 452 119 . . . . . . . . . . . . Wheels 10732 | . 492 2231 604 2464 821 686 775 1225 980 . . . 454 . . . . . . . . . . . . . Hover 16050 | . . . . . . . . . . . . . 32 519 332 1463 664 764 1144 914 744 1040 1205 1138 4314 1777 Flight . | . . . . . . . . . . . . . . . . . . . . . . . . . . . Fastest Speed 30 | 50 105 90 136 104 109 135 135 120 110 176 125 189 45 32 30 30 38 38 35 41 39 44 39 35 31 33 Average Speed 93 | 158 124 125 149 152 129 145 135 131 167 176 178 201 165 58 34 36 38 38 37 43 40 45 42 43 35 36 Slowest Speed 1650 | 160 160 260 150 1000 200 243 135 135 243 176 210 210 1650 190 112 104 38 38 102 44 44 102 44 106 102 88 Overloaded Moves 35 | . . . . . . . . . . . . . . . . . . . . . . . . 27 8 . Propulsion Burnouts . | . . . . . . . . . . . . . . . . . . . . . . . . . . . Robots Hopped . | . . . . . . . . . . . . . . . . . . . . . . . . . . . Potential Cave-ins 2 | . . 2 . . . . . . . . . . . . . . . . . . . . . . . . Cave-ins Triggered . | . . . . . . . . . . . . . . . . . . . . . . . . . . . Teleports 1 | . . . . . . . . . . . . . . . . . . . . . . . . 1 . . Exploration Rate (%) 65 | 4 79 94 66 91 25 80 86 83 91 94 29 78 25 26 95 27 93 92 94 92 22 89 26 90 49 38 Regions Visited 26 Branch Regions 15 Pre-discovered Areas 15 | . 4 1 4 . 4 . 1 . . . . . . . . . 1 . . . . . . . . . Known Exits Taken 12 | . 1 . 1 1 1 1 1 . . 1 . . 1 . . 1 . . . . 1 1 1 . . . Unknown Exits Taken 10 | 1 . 1 . . . . . 1 1 . . . . . . . 1 1 1 1 . . . 1 1 . Scrap Searched 37 | . . 8 . 9 . 3 2 3 . 1 . . . . . . 4 2 . 5 . . . . . . Spaces Dug 573 | . 11 37 3 . 16 . 18 . 5 20 13 . 4 2 . 25 75 25 15 92 51 70 29 32 12 18 Terrain Destroyed 2803 | . 18 55 3 . 87 14 41 . 36 56 83 10 96 16 . 288 118 195 175 484 197 296 140 61 260 74 Melee 61 | . . 20 3 . . . . . . . . . 1 2 . 5 3 1 1 . 4 . . 6 4 11 Projectile 2128 | . . 4 . . 71 2 12 . 7 56 64 10 42 1 . 96 115 186 161 448 161 280 97 55 250 10 AOE 591 | . 18 31 . . 16 12 29 . 29 . 19 . 53 13 . 187 . 8 13 36 32 16 43 . 5 31 Terrain Rammed . | . . . . . . . . . . . . . . . . . . . . . . . . . . . Walls Destroyed . | . . . . . . . . . . . . . . . . . . . . . . . . . . . Machines Disabled . | . . . . . . . . . . . . . . . . . . . . . . . . . . . Actions | -11 -10 -10 -8 -8 -6 -6 -6 -6 -6 -5 -5 -5 -5 -4 -4 -4 -4 -4 -4 -3 -3 -3 -2 -2 -2 -1 --------- Run | Yrd Mat Sub Rec Scr Fac Low Low Zio Dee Pro Fac Was Fac Fac Was Fac Upp Upp War Pro Res Tes Res Qua Frg Acc Total 40658 | 117 889 3408 630 2783 1528 857 819 1420 3217 1285 1404 99 1370 713 444 1739 804 1056 1641 1118 841 1536 1440 1345 5918 2237 Wait 4946 | 2 115 278 3 19 164 36 22 155 750 483 238 5 117 8 96 157 107 250 290 117 24 354 114 77 806 159 Move 31937 | 84 694 2780 603 2709 1174 757 774 1224 2224 757 967 62 1002 638 331 1462 663 763 1143 913 743 1039 1204 1137 4313 1777 Hop . | . . . . . . . . . . . . . . . . . . . . . . . . . . . Pick Up 390 | 4 21 40 15 14 23 7 2 7 42 1 24 5 21 6 1 7 4 5 6 2 6 9 11 12 71 24 Fast Attach 341 | 7 4 23 . 6 14 3 . 8 32 . 6 1 21 17 5 11 4 3 24 3 9 21 13 9 72 25 Attach 205 | . . 20 . 3 14 3 . 4 19 . 9 . 13 3 . 6 1 . 1 . 4 5 5 10 54 31 Detach 225 | . 4 19 . 4 5 6 . 6 28 5 23 . 28 7 1 3 . . 4 . 5 4 4 7 51 11 Swap 318 | . 9 18 2 3 16 9 7 2 14 . 4 1 11 1 1 27 1 1 11 5 2 21 17 22 93 20 Drop 535 | . 16 59 1 25 27 6 2 12 56 1 22 6 22 9 2 23 8 7 32 5 11 24 20 19 106 14 Fire 1076 | 20 2 59 . . 83 9 12 . 52 38 110 19 113 5 . 23 13 25 72 73 33 43 38 19 143 72 Melee 467 | . 23 96 6 . . . . 2 . . 1 . 21 19 7 20 3 2 1 . 4 3 1 33 135 90 Ram 9 | . . . . . . . . . . . . . . . . . . . . . . . . . . 9 Kick . | . . . . . . . . . . . . . . . . . . . . . . . . . . . Crush 1 | . 1 . . . . . . . . . . . . . . . . . . . . . . . . . Escape Stasis 113 | . . . . . 8 . . . . . . . . . . . . . . . . 13 13 . 74 5 Rewire 84 | . . 6 . . . 21 . . . . . . . . . . . . 57 . . . . . . . Trap 2 | . . 1 . . . . . . . . . . 1 . . . . . . . . . . . . . Miscellaneous 9 | . . 9 . . . . . . . . . . . . . . . . . . . . . . . . Route ------- -11/Scrapyard -10/Materials (discovered 5 exits: *Mat x3 / [*Min] / *Sub) -10/Subcaves (discovered 3 exits: *Mat x2 / *Rec) -8/Recycling (discovered 2 exits: *Fac / *Scr) -8/Scraptown (discovered 2 exits: *Fac x2) -6/Factory (discovered 6 exits: *Fac x4 / *Low x2) -6/Lower Caves -6/Lower Caves (discovered 2 exits: *Fac / *Zio) -6/Zion (discovered 2 exits: [*Dee] / [*Pro]) -6/Deep Caves -5/Proximity Caves -5/Factory (discovered 3 exits: *Fac / *Upp / *Ext) -5/Waste -5/Factory (discovered 5 exits: *Fac / Upp x2 / Ext x2) -4/Factory -4/Waste -4/Factory (discovered 3 exits: *Upp x2 / Arm) -4/Upper Caves -4/Upper Caves (discovered 2 exits: *Res / *War) -4/Warlord -3/Proximity Caves -3/Research (discovered 2 exits: Res / *Tes) -3/Testing -2/Research -2/Quarantine (discovered 3 exits: *Acc / [*Sec] / *Frg) -2/Protoforge -1/Access History --------- Turn | Location | Event 69 | -11/Scrapyard | Discovered new exit (range 14) 205 | -11/Scrapyard | Entered Materials 301 | -10/Materials | Build established: Mutant 839 | -10/Materials | Discovered new exit (range 13) 1088 | -10/Materials | Learned 4 Recycling zone layouts 1102 | -10/Materials | Discovered new exit (range 16) 1123 | -10/Materials | Loaded intel: 15 trap records 1148 | -10/Materials | Identified exit to Materials 1162 | -10/Materials | Learned Storage stockpile data 1167 | -10/Materials | Learned location of Mines (-10) 1168 | -10/Materials | Learned location of Subcaves (-10) 1169 | -10/Materials | Loaded intel: 19 non-interactive machine locations 1170 | -10/Materials | Identified exit to Subcaves 1170 | -10/Materials | Learned location of 2 exits from Materials 1176 | -10/Materials | Learned 4 Recycling zone layouts 1191 | -10/Materials | Learned Materials trap positions 1191 | -10/Materials | Central database locked down 1307 | -10/Materials | Entered Subcaves 1613 | -10/Subcaves | A swath of the cavern ceiling suddenly collapsed 1613 | -10/Subcaves | Identified exit to Materials 1662 | -10/Subcaves | Learned location of Zion (-6) 1662 | -10/Subcaves | Met a Zionite searching for "candidates" 1820 | -10/Subcaves | A swath of the cavern ceiling suddenly collapsed 2035 | -10/Subcaves | Ambushed by angry Subdweller bent on revenge 2042 | -10/Subcaves | Core integrity fell below 50% 2102 | -10/Subcaves | Lost 3 parts (1p1u1w) 2232 | -10/Subcaves | Disturbed a concealed Subdweller 2735 | -10/Subcaves | Discovered new exit (range 2) 2765 | -10/Subcaves | Shifting Twisted Machinery released Barrage Gun 2956 | -10/Subcaves | Visited Clippyterm 2959 | -10/Subcaves | Learned Research machine intel 2967 | -10/Subcaves | Shifting Twisted Machinery released Sub. Optics 3009 | -10/Subcaves | Discovered exit to Materials (range 6) 3015 | -10/Subcaves | Shifting Twisted Machinery released Sub. Beam Cannon 3045 | -10/Subcaves | Learned 2 Materials zone layouts 3081 | -10/Subcaves | Visited 4L-MR0's lab 3945 | -10/Subcaves | Ambushed by Subdwellers from Twisted Machinery 4504 | -10/Subcaves | Shifting Twisted Machinery released Battle Rifle 4508 | -10/Subcaves | Shifting Twisted Machinery released Mak. Sword 4971 | -10/Subcaves | Found SUBCON Basin 5276 | -10/Subcaves | Ambushed by Subdwellers from Twisted Machinery 5292 | -10/Subcaves | Core integrity fell below 20% 5673 | -10/Subcaves | Entered Recycling 5674 | -8/Recycling | Identified exit to Scraptown 5674 | -8/Recycling | Identified exit to Factory 5886 | -8/Recycling | Scanned before Scraplab entrance 5908 | -8/Recycling | Entered Scraplab 6617 | -8/Recycling | Entered Scraptown 7016 | -8/Scraptown | Discovered exit to Factory (range 11) 7087 | -8/Scraptown | Scanned Subdweller tech in exchange for log data 7091 | -8/Scraptown | Learned 12 Factory zone layouts 7096 | -8/Scraptown | Learned Research security intel 7120 | -8/Scraptown | Heard Great Nut preacher, LISTEN AND RECITE! 7139 | -8/Scraptown | Visited Symbiants 7183 | -8/Scraptown | Visited Red Mages 7226 | -8/Scraptown | Visited Bundlers 7321 | -8/Scraptown | Visited Shadow of the Wyrm 7556 | -8/Scraptown | Visited UFD Registry 7556 | -8/Scraptown | Registered with UFD as "Armorcycle" 7568 | -8/Scraptown | Visited Fellowship of the Rings 7583 | -8/Scraptown | Visited Cave Peace 7604 | -8/Scraptown | Visited TADAMA 7697 | -8/Scraptown | Visited Junk Repository 7745 | -8/Scraptown | Visited Observation Area 7765 | -8/Scraptown | Visited LU-1G1's Boring Crew 7786 | -8/Scraptown | Visited Supply Room 7813 | -8/Scraptown | Visited Abandonware Association 7828 | -8/Scraptown | Learned abandonware demo "HACKBUD.EXE" 7828 | -8/Scraptown | Learned abandonware demo "ERRANTS.EXE" 7901 | -8/Scraptown | Visited Modified Component R&D 7955 | -8/Scraptown | Visited Junk Repository 7994 | -8/Scraptown | Visited Scrap Suit Storage 8036 | -8/Scraptown | Visited Science Guys 8237 | -8/Scraptown | Received an X-ray algorithm 8627 | -8/Scraptown | Delivered Scrap Shield to a Scientist 10031 | -8/Scraptown | Found Scrap Suit 10572 | -8/Scraptown | Discovered exit to Factory (range 5) 10737 | -8/Scraptown | Met Optimus 10737 | -8/Scraptown | Accepted into 0bPrime 10813 | -8/Scraptown | Entered Factory 10813 | -6/Factory | Evolved 8 slots: Power x1, Propulsion x2, Utility x4, Weapon x1 10814 | -6/Factory | Identified exit to Lower Caves 11266 | -6/Factory | Discovered new exit (range 18) 11292 | -6/Factory | Found Prototype Launcher 11292 | -6/Factory | Identified Scatter Rocket Array 11319 | -6/Factory | Build established: Hacker-Scrapper 11568 | -6/Factory | Lost 4 parts (1p2n1w) 11594 | -6/Factory | Loaded intel: 8 recycling unit locations 11898 | -6/Factory | Fabricated Plasma Cutter (x2) 11943 | -6/Factory | Build established: Hacker-Skirmisher 12357 | -6/Factory | Learned Hub_04(d) garrison access intel 12393 | -6/Factory | Learned location of 1 exit from Cetus 12417 | -6/Factory | Learned Extension emergency access door positions 12430 | -6/Factory | Identified exit to Factory 12432 | -6/Factory | Learned Extension emergency access door positions 12434 | -6/Factory | Learned location of 1 exit from Cetus 12468 | -6/Factory | Repaired Wheel 12486 | -6/Factory | Central database locked down 12575 | -6/Factory | Learned location of Protoforge (-2) 12779 | -6/Factory | Cargo convoy interrupted 12801 | -6/Factory | Scrapoid reinforcements arrived 12822 | -6/Factory | Entered Lower Caves 12822 | -6/Lower Caves | Accompanied by 5 allies 12824 | -6/Lower Caves | UFD Scientist delivered a prototype 12825 | -6/Lower Caves | Found Prototype Protection 12825 | -6/Lower Caves | Identified Enh. Scrap Shield 12832 | -6/Lower Caves | Attached CPS modules to XR-97Z(k). 12846 | -6/Lower Caves | Encountered a Warlord checkpoint 12911 | -6/Lower Caves | Identified exit to Lower Caves 13126 | -6/Lower Caves | Build established: Commander-Skirmisher 13177 | -6/Lower Caves | Attacked by a faux Warlord 13902 | -6/Lower Caves | Learned location of 1 exit from Factory 14037 | -6/Lower Caves | Entered another Lower Caves area 14037 | -6/Lower Caves | Accompanied by 7 allies 14096 | -6/Lower Caves | Discovered exit to Factory (range 10) 14354 | -6/Lower Caves | Learned Factory emergency access door positions 14569 | -6/Lower Caves | Discovered new exit (range 13) 15118 | -6/Lower Caves | Identified exit to Zion 15151 | -6/Lower Caves | Entered Zion 15151 | -6/Zion | Accompanied by 7 allies 15223 | -6/Zion | System corruption cleaned by Quarantine Array 15459 | -6/Zion | Build established: Commander-Mutant 15576 | -6/Zion | Given A8's code to call for help 15680 | -6/Zion | Discovered new exit (range 16) 15696 | -6/Zion | Found Prototype Special Weapon 15696 | -6/Zion | Identified RU-N14's Throwing Claymores 15699 | -6/Zion | Found RU-N14's Throwing Claymores 15868 | -6/Zion | Acquired unknown access codes intercepted by a Zionite 15938 | -6/Zion | Gained Derelict followers 16403 | -6/Zion | Found CR-A16's Pointy Stick 16558 | -6/Zion | Found RU-N14's Throwing Claymores 16566 | -6/Zion | Build established: Commander-Skirmisher 16857 | -6/Zion | Opened final containment barrier to the Deep Caves 16914 | -6/Zion | Discovered new exit (range 3) 16914 | -6/Zion | Saw the warning signs outside the Deep Caves entrance 16954 | -6/Zion | Entered Deep Caves 16954 | -6/Deep Caves | Accompanied by 9 allies 17131 | -6/Deep Caves | Build established: Commander-Gunner 17368 | -6/Deep Caves | Z-Facility disabled 17388 | -6/Deep Caves | Attacked by Z-Imprinter 17394 | -6/Deep Caves | Attached CPS modules to Z-Imprinter. 17407 | -6/Deep Caves | Allies destroyed Z-Imprinter 17431 | -6/Deep Caves | Lost 7 allies 17446 | -6/Deep Caves | Found Prototype Device 17446 | -6/Deep Caves | Identified Zio. Metafield Generator 17461 | -6/Deep Caves | Found Prototype Protection 17461 | -6/Deep Caves | Identified Zio. Weapon Casing 17678 | -6/Deep Caves | Build established: Scavenger-Mutant 17706 | -6/Deep Caves | Core integrity fell below 50% 17745 | -6/Deep Caves | Lost 3 parts (1n2u) 17789 | -6/Deep Caves | Found Zio. Weapon Casing 18249 | -6/Deep Caves | Build established: Scavenger-Tank 18274 | -6/Deep Caves | Found Prototype Protection 18274 | -6/Deep Caves | Identified Zio. Heavy Carapace 18517 | -6/Deep Caves | Found Scrap Suit 18831 | -6/Deep Caves | Found Zio. Weapon Casing 18834 | -6/Deep Caves | Found Zio. Weapon Casing 18837 | -6/Deep Caves | Found Zio. Weapon Casing 18883 | -6/Deep Caves | Discovered new exit (range 6) 19415 | -6/Deep Caves | Spotted AG-64749 19444 | -6/Deep Caves | Attached CPS modules to AG-64749. 19456 | -6/Deep Caves | Destroyed AG-64749 19458 | -6/Deep Caves | Found GOLEM Unit 19483 | -6/Deep Caves | Lost 4 parts (4u) 19497 | -6/Deep Caves | Spotted AG-66909 19527 | -6/Deep Caves | Destroyed AG-66909 19723 | -6/Deep Caves | Build established: Scavenger-Mutant 20047 | -6/Deep Caves | Build established: Scavenger-Golem 20360 | -6/Deep Caves | Found Prototype Leg 20395 | -6/Deep Caves | Identified Potential Leg 20416 | -6/Deep Caves | Build established: Golem 21015 | -6/Deep Caves | Found Zio. Weapon Casing 21706 | -6/Deep Caves | Entered Proximity Caves 22761 | -5/Proximity Caves | Attracted the attention of an 0b10 checkpoint 22831 | -5/Proximity Caves | Discovered exit to Factory (range 15) 23646 | -5/Proximity Caves | Entered Factory 23646 | -5/Factory | Evolved 2 slots: Utility x2 23647 | -5/Factory | Identified exit to Extension 23816 | -5/Factory | Discovered new exit (range 13) 24439 | -5/Factory | Garrison activated, responded to threat 24523 | -5/Factory | Build established: Hacker-Golem 24780 | -5/Factory | Found Prototype Launcher 24780 | -5/Factory | Identified Mni. Smartbomb Launcher 24846 | -5/Factory | First assault squad dispatched 24949 | -5/Factory | Discovered new exit (range 16) 24977 | -5/Factory | Fabricated Hyp. Gauss Cannon? 25190 | -5/Factory | Tech Extrapolator generated special schematic: Hyp. Alpha Cannon 25778 | -5/Factory | Tech Extrapolator generated special schematic: Deep Structural Scanner 25813 | -5/Factory | Build established: Golem 26001 | -5/Factory | Sucked down chute 26001 | -5/Factory | Entered Waste 26002 | -5/Waste | Met a frightened Derelict 26008 | -5/Waste | Spotted C-40 Crusher 26014 | -5/Waste | Spotted C-40 Crusher 26016 | -5/Waste | EMP discharged 26016 | -5/Waste | System corruption reached 10% 26022 | -5/Waste | Allies destroyed C-40 Crusher 26028 | -5/Waste | Destroyed C-40 Crusher 26055 | -5/Waste | Spotted C-40 Crusher 26063 | -5/Waste | Spotted C-40 Crusher 26070 | -5/Waste | Destroyed C-40 Crusher 26083 | -5/Waste | Destroyed C-40 Crusher 26087 | -5/Waste | Spotted C-40 Crusher 26091 | -5/Waste | Destroyed C-40 Crusher 26112 | -5/Waste | Spotted C-40 Crusher 26116 | -5/Waste | EMP discharged 26124 | -5/Waste | Allies destroyed C-40 Crusher 26152 | -5/Waste | Discovered new exit (range 21) 26204 | -5/Waste | Entered Factory 26204 | -5/Factory | Accompanied by 1 ally 26724 | -5/Factory | Cargo convoy interrupted 26746 | -5/Factory | Core integrity fell below 50% 26775 | -5/Factory | Destroyed 13 combat bots 26780 | -5/Factory | Lost 5 parts (3n1u1w) 26899 | -5/Factory | Loaded intel: 8 recycling unit locations 27146 | -5/Factory | Garrison activated, responded to threat 27154 | -5/Factory | Build established: Scavenger-Golem 27453 | -5/Factory | Discovered new exit (range 22) 27586 | -5/Factory | Found Prototype Device 27586 | -5/Factory | Identified Active Sensor Suite 27587 | -5/Factory | Identified exit to Factory 28033 | -5/Factory | Identified exit to Upper Caves 28093 | -5/Factory | System corruption reached 30% 28330 | -5/Factory | Core integrity fell below 20% 28369 | -5/Factory | Build established: Mutant 28370 | -5/Factory | Lost 4 parts (2n2u) 28454 | -5/Factory | Entered another Factory area 28454 | -4/Factory | Evolved 2 slots: Propulsion x2 28455 | -4/Factory | Identified exit to Armory 28496 | -4/Factory | Loaded intel: 8 recycling unit locations 28663 | -4/Factory | Scrapoids reinforcements arrived? 28844 | -4/Factory | Lost 4 allies 28910 | -4/Factory | Found Quantum Capacitor 28939 | -4/Factory | Sucked down chute 28939 | -4/Factory | Entered Waste 28940 | -4/Waste | Joined by Warlord forces that had cleared the area 29068 | -4/Waste | Murdered 3 allies 29147 | -4/Waste | Discovered new exit (range 12) 29169 | -4/Waste | A Compactor rumbled back to life 29173 | -4/Waste | Spotted C-40 Crusher 29180 | -4/Waste | Entered Factory 29268 | -4/Factory | Identified exit to Upper Caves 29419 | -4/Factory | Central database locked down 29431 | -4/Factory | Loaded intel: 8 recycling unit locations 29471 | -4/Factory | Noticed UFD Elites at a Recycling Unit 29612 | -4/Factory | Build established: Scavenger-Mutant 29614 | -4/Factory | Fabricated Hyp. Alpha Cannon? 29720 | -4/Factory | Fabricated Deep Structural Scanner (x1) 30051 | -4/Factory | Entered Upper Caves 30166 | -4/Upper Caves | Learned Research garrison access intel 30358 | -4/Upper Caves | Attracted the attention of an 0b10 checkpoint 30368 | -4/Upper Caves | Discovered new exit (range 16) 30370 | -4/Upper Caves | Learned location of Testing (-3) 30461 | -4/Upper Caves | Entered another Upper Caves area 30461 | -4/Upper Caves | Discovered new exit (range 8) 30533 | -4/Upper Caves | Learned 8 Research zone layouts 30704 | -4/Upper Caves | Learned Research terminal intel 30918 | -4/Upper Caves | Discovered new exit (range 14) 30925 | -4/Upper Caves | Learned location of 1 exit from Research 31072 | -4/Upper Caves | Entered Warlord 31093 | -4/Warlord | Discovered new exit (range 11) 31114 | -4/Warlord | System corruption cleaned by Quarantine Array 31278 | -4/Warlord | Learned Research trap positions 31278 | -4/Warlord | Learned Testing emergency access door positions 31278 | -4/Warlord | Learned 4 Research zone layouts 31278 | -4/Warlord | Learned 4 Research zone layouts 31278 | -4/Warlord | Learned 4 Access zone layouts 31278 | -4/Warlord | Learned Factory repair station intel 31338 | -4/Warlord | Rebuked by Warlord 31356 | -4/Warlord | Ran an X-ray algorithm 31356 | -4/Warlord | Ran an X-ray algorithm 31363 | -4/Warlord | Warlord's base attacked by MAIN.C 31450 | -4/Warlord | Found Prototype Device 31450 | -4/Warlord | Identified System Purifier 31456 | -4/Warlord | Found Prototype Device 31456 | -4/Warlord | Identified Exp. Phase Shifter 31460 | -4/Warlord | Found Prototype Reactor 31460 | -4/Warlord | Identified Vortex Chain Reactor 31503 | -4/Warlord | Found Prototype Energy Gun 31503 | -4/Warlord | Identified Vortex Shotgun 31508 | -4/Warlord | Found Vortex Shotgun 31713 | -4/Warlord | Warlord forces counterattacked 31713 | -4/Warlord | Spotted Executioner 31731 | -4/Warlord | Destroyed Executioner 31750 | -4/Warlord | Build established: Trapper-Mutant 31758 | -4/Warlord | Found Prototype Processor 31758 | -4/Warlord | Identified Exp. Targeting Computer 31760 | -4/Warlord | Found Prototype Device 31760 | -4/Warlord | Identified Adv. Kinecellerator 31763 | -4/Warlord | Found Prototype Processor 31763 | -4/Warlord | Identified Exp. Core Analyzer 31812 | -4/Warlord | Destroyed 11 combat bots 31826 | -4/Warlord | Lost 8 allies 31867 | -4/Warlord | Spotted Striker 31867 | -4/Warlord | Spotted Striker 31870 | -4/Warlord | Destroyed Striker 31872 | -4/Warlord | Destroyed Striker 31876 | -4/Warlord | Spotted Striker 31904 | -4/Warlord | Lost 5 allies 32011 | -4/Warlord | Lost 5 allies 32038 | -4/Warlord | Warlord base infiltrated, sounded retreat 32063 | -4/Warlord | Spotted Executioner 32063 | -4/Warlord | Spotted Striker 32069 | -4/Warlord | Entered Proximity Caves 32186 | -3/Proximity Caves | Build established: Scavenger-Mutant 32355 | -3/Proximity Caves | Attracted the attention of an 0b10 base 32533 | -3/Proximity Caves | Attracted the attention of an 0b10 checkpoint 32550 | -3/Proximity Caves | Discovered new exit (range 17) 32744 | -3/Proximity Caves | Entered Research 32744 | -3/Research | Evolved 2 slots: Propulsion x1, Utility x1 32745 | -3/Research | Identified exit to Research 32746 | -3/Research | Identified exit to Testing 32747 | -3/Research | Loaded intel: 91 trap records 32749 | -3/Research | Loaded intel: 133 machine locations 32750 | -3/Research | Loaded intel: 23 terminal locations 32751 | -3/Research | Loaded intel: 4 garrison access locations 32891 | -3/Research | Loaded intel: 5 recycling unit locations 33006 | -3/Research | Found Prototype Protection 33006 | -3/Research | Identified Centrium Heavy Armor Plating 33183 | -3/Research | Entered Testing 33227 | -3/Testing | Found Prototype Energy Cannon 33227 | -3/Testing | Identified Imp. Potential Cannon 33250 | -3/Testing | Spotted PX-CZWS3L8X53 33272 | -3/Testing | Found Prototype Device 33272 | -3/Testing | Identified Exp. EM Disruption Field 33301 | -3/Testing | Found Prototype Device 33301 | -3/Testing | Identified Exp. Thermal Defense Suite 33604 | -3/Testing | Found Prototype Launcher 33604 | -3/Testing | Identified Z-bomb Delivery System 33702 | -3/Testing | Found Prototype Energy Cannon 33702 | -3/Testing | Identified Cld. Nova Cannon 33864 | -3/Testing | Central database locked down 33869 | -3/Testing | Discovered exit to Research (range 11) 34183 | -3/Testing | First assault squad dispatched 34205 | -3/Testing | Entered Research 34205 | -2/Research | Evolved 2 slots: Propulsion x1, Utility x1 34206 | -2/Research | Identified exit to Quarantine 34305 | -2/Research | Spotted B-90 Cyclops 34465 | -2/Research | Fabricated Hyp. Alpha Cannon (x1) 34618 | -2/Research | Spotted B-90 Cyclops 34789 | -2/Research | Fabricated Exp. Hacking Suite (x1) 34854 | -2/Research | Destroyed 11 combat bots 34952 | -2/Research | Spotted B-90 Cyclops 34955 | -2/Research | First assault squad dispatched 34992 | -2/Research | Entered Quarantine 35006 | -2/Quarantine | Found Alien Impact Weapon 35022 | -2/Quarantine | Cryocooling Duct disabled 35037 | -2/Quarantine | Ambient heat levels rising (+20) 35037 | -2/Quarantine | Non-combat units ordered to evacuate 35079 | -2/Quarantine | Found Alien Slashing Weapon 35079 | -2/Quarantine | Identified Sigix Broadsword 35369 | -2/Quarantine | Identified Core Stripper 35474 | -2/Quarantine | System corruption reached 10% 35482 | -2/Quarantine | Cryocooling Duct disabled 35492 | -2/Quarantine | First assault squad dispatched 35497 | -2/Quarantine | Ambient heat levels rising (+20) 35497 | -2/Quarantine | Combat units ordered to evacuate 35558 | -2/Quarantine | Discovered new exit (range 11) 35568 | -2/Quarantine | Found Alien Artifact 35576 | -2/Quarantine | Found Alien Artifact 35581 | -2/Quarantine | Found Alien Artifact 35597 | -2/Quarantine | Quarantine Guard activated 35597 | -2/Quarantine | Spotted Quarantine Guard 35597 | -2/Quarantine | Spotted Quarantine Guard 35597 | -2/Quarantine | Spotted Quarantine Guard 35597 | -2/Quarantine | Spotted Quarantine Guard 35597 | -2/Quarantine | Spotted Quarantine Guard 35597 | -2/Quarantine | Spotted Quarantine Guard 35597 | -2/Quarantine | Spotted Quarantine Guard 35597 | -2/Quarantine | Spotted Quarantine Guard 35600 | -2/Quarantine | Identified Hpw. Transdimensional Reconstructor 35600 | -2/Quarantine | Warped through subspace 35608 | -2/Quarantine | Spotted Quarantine Guard 35636 | -2/Quarantine | Spotted Quarantine Guard 35656 | -2/Quarantine | Spotted Quarantine Guard 35736 | -2/Quarantine | Spotted Fortress 35768 | -2/Quarantine | Discovered new exit (range 5) 35768 | -2/Quarantine | Discovered new exit (range 6) 35775 | -2/Quarantine | Entered Protoforge 35809 | -2/Protoforge | Spotted Hotshot 35826 | -2/Protoforge | Spotted B-90 Cyclops 35878 | -2/Protoforge | Spotted Hotshot 35892 | -2/Protoforge | Destroyed Hotshot 35979 | -2/Protoforge | Destroyed Hotshot 35994 | -2/Protoforge | Spotted Hotshot 35994 | -2/Protoforge | Spotted Hotshot 36300 | -2/Protoforge | Found Prototype Device 36300 | -2/Protoforge | Identified Crosscalibrator 36305 | -2/Protoforge | Spotted Immortal 36308 | -2/Protoforge | Spotted Decapitator 36308 | -2/Protoforge | Spotted Decapitator 36308 | -2/Protoforge | Spotted Decapitator 36308 | -2/Protoforge | Spotted Decapitator 36315 | -2/Protoforge | Destroyed Decapitator 36315 | -2/Protoforge | Destroyed Decapitator 36315 | -2/Protoforge | Destroyed Decapitator 36315 | -2/Protoforge | Destroyed Decapitator 36407 | -2/Protoforge | Found Cep. Combat Aerolev Unit 36539 | -2/Protoforge | Destroyed Immortal 36550 | -2/Protoforge | Found Prototype Processor 36550 | -2/Protoforge | Identified Exp. Melee Analysis Suite 36552 | -2/Protoforge | Found Prototype Device 36552 | -2/Protoforge | Identified Exp. Cloaking Device 36554 | -2/Protoforge | Found Cep. Antimissile System 36563 | -2/Protoforge | Found Exp. Jetlance 36578 | -2/Protoforge | Build established: Scavenger-Gladiator 36612 | -2/Protoforge | Found Cep. Rapid Grenade Launcher 36644 | -2/Protoforge | Found Cep. Antigrav Storage Unit 36646 | -2/Protoforge | Found Cep. NT7 Matterbank 36649 | -2/Protoforge | Found Prototype Storage 36664 | -2/Protoforge | Spotted V050-g 36664 | -2/Protoforge | Spotted V417-t 36664 | -2/Protoforge | Spotted V232-d 36667 | -2/Protoforge | Identified Cep. Chromion Battery 36733 | -2/Protoforge | Spotted Decapitator 36733 | -2/Protoforge | Spotted Decapitator 36733 | -2/Protoforge | Spotted V679-c 36733 | -2/Protoforge | Spotted V596-v 36770 | -2/Protoforge | Destroyed Decapitator 36770 | -2/Protoforge | Destroyed Decapitator 36812 | -2/Protoforge | Found Prototype Energy Gun 36812 | -2/Protoforge | Identified Cep. Variable Chargecaster 36814 | -2/Protoforge | Found Cep. Plasma Driver 36815 | -2/Protoforge | Found Cep. Lightning Penetrator 36818 | -2/Protoforge | Found Cep. XC Strikerail 36820 | -2/Protoforge | Found Cep. XC Strikerail 36821 | -2/Protoforge | Found Cep. XC Strikerail 36823 | -2/Protoforge | Found Cep. Plasma Driver 36832 | -2/Protoforge | Found Faulty Cep. Miniperforator 36834 | -2/Protoforge | Found Prototype Slashing Weapon 36834 | -2/Protoforge | Identified Cep. Deflector Sword 36839 | -2/Protoforge | Found Faulty Cep. Miniperforator 36958 | -2/Protoforge | Spotted V881-d 36958 | -2/Protoforge | Spotted V672-x 37104 | -2/Protoforge | Spotted Decapitator 37104 | -2/Protoforge | Spotted Decapitator 37109 | -2/Protoforge | Destroyed Decapitator 37109 | -2/Protoforge | Destroyed Decapitator 37109 | -2/Protoforge | Destroyed Decapitator 37140 | -2/Protoforge | Found Cep. Zero-point Core 37164 | -2/Protoforge | Found Prototype Device 37164 | -2/Protoforge | Identified Cep. Recoil Nullifier 37167 | -2/Protoforge | Found Prototype Device 37167 | -2/Protoforge | Identified Exp. Weapon Cycler 37194 | -2/Protoforge | Found Exp. Targeting Computer 37209 | -2/Protoforge | Found Cep. Zero-point Core 37309 | -2/Protoforge | System corruption reached 30% 37317 | -2/Protoforge | Spotted V997-m 37317 | -2/Protoforge | Spotted V718-d 37388 | -2/Protoforge | Found Faulty Cep. Networked Targeting System 37396 | -2/Protoforge | Found Cep. Networked Targeting System 37397 | -2/Protoforge | Found Prototype Device 37397 | -2/Protoforge | Identified Femtoactuators 37441 | -2/Protoforge | Superfortress began startup sequence 37495 | -2/Protoforge | Spotted V984-o 37514 | -2/Protoforge | Destroyed V984-o 37525 | -2/Protoforge | First assault squad dispatched 37548 | -2/Protoforge | Found Cep. Gyrokinetic System 37607 | -2/Protoforge | Found Cep. Chromion Battery 37632 | -2/Protoforge | Spotted V253-l 37875 | -2/Protoforge | Spotted Immortal 37875 | -2/Protoforge | Spotted Immortal 37918 | -2/Protoforge | Found Prototype Protection 37918 | -2/Protoforge | Identified Cep. Core Shell 37921 | -2/Protoforge | Found Cep. RG22 Armor 37926 | -2/Protoforge | Found Prototype Processor 37926 | -2/Protoforge | Identified Cep. Projectile Intercept Suite 37929 | -2/Protoforge | Found Cep. Reaction Jets 37938 | -2/Protoforge | Spotted V170-c 37941 | -2/Protoforge | Found Exp. Remote Shield 37974 | -2/Protoforge | Found Prototype Device 37974 | -2/Protoforge | Identified Cep. Weapon Articulator 38031 | -2/Protoforge | Found Prototype Processor 38031 | -2/Protoforge | Identified Cep. Melee Reflex Suite 38040 | -2/Protoforge | Found Cep. Melee Reflex Suite 38051 | -2/Protoforge | Spotted AP7-3 38051 | -2/Protoforge | Spotted AP7-3 38100 | -2/Protoforge | Found Faulty Cep. Hypertargeting System 38190 | -2/Protoforge | Destroyed AP7-3 38212 | -2/Protoforge | Destroyed AP7-3 38222 | -2/Protoforge | Found Prototype Processor 38222 | -2/Protoforge | Identified Exp. Target Analyzer 38228 | -2/Protoforge | Found Prototype Device 38228 | -2/Protoforge | Identified Exp. ECM Suite 38232 | -2/Protoforge | Found Exp. Target Analyzer 38234 | -2/Protoforge | Found Prototype Energy Gun 38234 | -2/Protoforge | Identified Enh. Gamma Rifle 38281 | -2/Protoforge | Forge Plexus network access discovered 38298 | -2/Protoforge | Found Cep. Cloak Mesh 38301 | -2/Protoforge | Found Cep. Blasthammer 38307 | -2/Protoforge | Found Faulty Cep. Cloak Mesh 38308 | -2/Protoforge | Found Cep. Core Analysis Suite 38328 | -2/Protoforge | Found Exp. Force Booster 38381 | -2/Protoforge | Found Cep. Zero-point Core 38559 | -2/Protoforge | Additional patrols dispatched to research labs 38562 | -2/Protoforge | Found Cep. Nanofilaments [Tensile] 38562 | -2/Protoforge | Installed Cep. Nanofilaments [Tensile], 3 resistances modified: KI +20%, TH -10%, I +20% 38571 | -2/Protoforge | Found Transdimensional Reconstructor 38767 | -2/Protoforge | Found Cep. Gyrokinetic System 38773 | -2/Protoforge | Found Faulty Cep. Gyrokinetic System 38779 | -2/Protoforge | Found Faulty Cep. Gyrokinetic System 38780 | -2/Protoforge | Found Faulty Cep. Gyrokinetic System 38969 | -2/Protoforge | Destroyed 11 combat bots 39093 | -2/Protoforge | Core integrity fell below 50% 39120 | -2/Protoforge | Spotted Executioner 39120 | -2/Protoforge | Spotted Striker 39120 | -2/Protoforge | Destroyed Executioner 39125 | -2/Protoforge | Spotted Immortal 39136 | -2/Protoforge | Destroyed Immortal 39141 | -2/Protoforge | Destroyed Decapitator 39151 | -2/Protoforge | Destroyed Decapitator 39170 | -2/Protoforge | Spotted Executioner 39170 | -2/Protoforge | Spotted Hotshot 39201 | -2/Protoforge | Destroyed 11 combat bots 39205 | -2/Protoforge | Discovered new exit (range 12) 39209 | -2/Protoforge | Entered Access 39209 | -1/Access | Evolved 2 slots: Power x1, Utility x1 39218 | -1/Access | Lost 9 parts (1n4u4w) 39336 | -1/Access | Found Unknown Device 39336 | -1/Access | Identified Launcher Loader 39343 | -1/Access | Lost 3 parts (1p1n1u) 39368 | -1/Access | Spotted B-99 Colossus 39431 | -1/Access | Unchained authorized (QV-33N) 39441 | -1/Access | Fabricated Adv. Phase Shifter (x2) 39594 | -1/Access | Destroyed 7 combat bots 39709 | -1/Access | First assault squad dispatched 39894 | -1/Access | Destroyed 7 combat bots 39949 | -1/Access | Lost 4 parts (1n2u1w) 39960 | -1/Access | Destroyed 7 combat bots 40185 | -1/Access | Lost 3 parts (1n1u1w) 40233 | -1/Access | Destroyed 18 combat bots 40333 | -1/Access | System corruption reached 10% 40371 | -1/Access | Lost 15 parts (3p4n3u5w) 40420 | -1/Access | Core integrity fell below 50% 40464 | -1/Access | Core integrity fell below 20% 40471 | -1/Access | Destroyed by P-80 Master with Gamma Rifle Last Messages --------------- EX Drone disintegrates. 40458_ W-44 Eye sends out distress signal. 40459_ ALERT: Unidentified disturbance in Zone 4I, multiple assault carriers dispatched. 40459_ Particle Reactor+ destroyed. QV-33N launches drone. 40461_ Lance destroyed. 40462_ Antisys Drone suffers critical hit (Destroy). 40464_ The unstable cave ceiling collapses. 40464_ Adv. Targeting Computer destroyed. Antisys Drone disintegrates. 40467_ Slammed into Thermal Drone. 40468_ Slammed into QV-33N. 40468_ Enh. Quantum Rifle destroyed. 40468_ Femtoactuators destroyed. 40469_ Slammed into QV-33N. 40469_ K-01 Serf suffers critical hit (Destroy). 40470_ Slammed into QV-33N. 40470_ QV-33N knocked back. 40471_ Slammed into QV-33N. Map ----- +----------------------------------------------------+ | ?????????????????????????????????????????????????? | | ?????????????????????????????????????????????????? | | ?????????????????????????????????????????????????? | | ?????????????????????????????????????????????????? | | ?????????############### #???????????????? | | ?????????############### #???????????????? | | ?????????#########################???????????????? | | ?????????#########################???????????????? | | ?????????#### =[ ## =!####???????????????? | | ############ [ ## ! ####???????????????? | | ############ ## ####???????????????? | | ############ ## ####???????????????? | | ############ "" ####???????????????? | | ### # ## ####???????????????? | | #### ###+##### ####???????????????? | | #### " # ### !%= # ???????????????? | | #### """ # #########+### ???????????????? | | #### """ %+ + ???????????????? | | #### " # g ### ##### ????? | | #### # g### ##### ????? | | / ###*=!n w gig ### ##### ????? | | #### ### % g gk ######+####### ??? | | ####"+######### % lg kk % ??? | | ##### #########+#####! lgs ??? | | ##### ## ####%pns k% k ??? | | ##### ## # #i!ss@8 s ## ??? | | # + " ########+## ???? | | ### #### """ # !#### # ???? | | ### #### """# !%### ! # !!! ????? | | # ## " # ! ### + !!! ????? | | # ## ## = ### # !! ???? | | ???? ## ### ### ########### ???? | | ???? ############# !/! ## ########### ???? | | ???? ############# ! ################### ???? | | ????############### ! ######## ### ???? | | ????############### ######## ?????????????? | | ##?????????????#### ######## ?????????????? | | ### ####???????##### #####?????????????????????? | | ### ####??????###### ######????????????????????? | | ### ####????#?###### ######????????????????????R | | #####? ###### ######????????????????????? | | ### ## ###### ######????????????????????? | | ## ## ####????????????????????? | | ## ### ####????????????????????? | | ## # # ####????????????????????? | | ## ## ####????????????????????? | | ## # # ####????????????????????? | | ##% # ####????????????????????? | | ## ## #####???????????????????? | | # ###" ######???????????????????? | +----------------------------------------------------+ Best States ------------- Heat Dissipation 95 Energy Generation 83 Energy Capacity 1670 Matter Stores 726 Matter Capacity 1050 Sight Range 22 Robot Scan Range 20 Terrain Scan Range 20 Terrain Scan Density 10 ECM Strength 2 Jamming Range 16 Cloak Strength 9 Additional Mass Support 9 Base Temperature (-) 200 Corruption Block 15 Armor Coverage 1200 Resistance: KI 20 Resistance: TH 15 Resistance: EX 15 Resistance: EM 15 Resistance: I 20 Resistance: S 15 Resistance: P 15 Core Shielding 90 Propulsion Shielding 90 Weapon Shielding 100 Point Defense Rating 480 Projectile Deflection 15 Weapon Cycling 30 Melee Speed Boost 50 Phase Shifting 20 Evasion (%) 96 Targeting Accuracy 46 Melee Accuracy 12 Launcher Accuracy 40 Target Analysis 10 Core Analysis 11 Armor Integrity Analysis 30 Recoil Reduction 4 Energy Filtering 30 Particle Charging 25 Force Boost 50 Offensive Hacking 20 Defensive Hacking 26 Authchip Count 7 Trap Extractor Capacity 8 Item Schematics ----------------- Hcp. Storage Unit | -8/Recycling | Hacked Plasma Cutter | -6/Factory | Hacked Adv. Sensor Array | -6/Factory | Hacked Imp. Actuator Array | -6/Zion | Archive Imp. Corruption Screen | -6/Zion | Archive Energy Well | -6/Zion | Archive Imp. Component Analysis Suite | -6/Zion | Archive Lgt. Angular Momentum Engine | -6/Zion | Archive Tesla Rifle | -6/Zion | Archive Adv. Terrain Scanner | -6/Zion | Archive Impulse Thruster | -6/Zion | Archive Adv. Heat Sink | -6/Zion | Archive Field Propulsion Drive | -6/Zion | Archive Adv. Plasma Cannon | -6/Zion | Archive Coil Gun | -6/Zion | Archive Lyr. Medium Armor Plating | -6/Zion | Archive Lrn. Proton Cannon | -6/Zion | Archive Hyp. Gauss Cannon | -5/Factory | Hacked Hyp. Alpha Cannon | -5/Factory | Extrapolated Mak. Power Source | -5/Factory | Extrapolated Ripper | -5/Factory | Extrapolated Mak. Coolant Network | -5/Factory | Extrapolated Deep Structural Scanner | -5/Factory | Extrapolated Mak. System Shield | -5/Factory | Extrapolated Adv. Matter Compressor | -3/Testing | Archive Centrium Heavy Armor Plating | -3/Testing | Archive Exp. Optical Array | -3/Testing | Archive Lgt. Neutrino Core | -3/Testing | Archive Enh. Fission Core | -3/Testing | Archive Exp. Hacking Suite | -3/Testing | Archive Hvy. Wave Gun | -3/Testing | Archive Adv. Kinecellerator | -3/Testing | Archive Tiamat Missile Launcher | -3/Testing | Archive Hellfire Missile Launcher | -3/Testing | Archive Lrn. Phase Cannon | -3/Testing | Archive Hvy. Hardcell Cannon | -3/Testing | Archive Exp. Power Amplifier | -3/Testing | Archive Imp. Matter Neutralizer | -3/Testing | Archive Com. Tesla Bomb Launcher | -3/Testing | Archive Lgt. Antimatter Cannon | -3/Testing | Archive Vibroblade | -3/Testing | Archive Exp. Targeting Computer | -3/Testing | Archive Cld. Impulse Thruster | -3/Testing | Archive Cld. Field Propulsion Drive | -3/Testing | Archive Cld. Antigrav System | -2/Protoforge | Archive Adv. Myomer Leg | -2/Protoforge | Archive Enh. Force Rifle | -2/Protoforge | Archive Centrium Light Armor Plating | -2/Protoforge | Archive Adv. Variable Charge Gun | -2/Protoforge | Archive Exp. Energy Well | -2/Protoforge | Archive Exp. Biometal Leg | -2/Protoforge | Archive Cld. Antimatter Reactor | -2/Protoforge | Archive Imp. Diametric Drive | -2/Protoforge | Archive Hvy. Dispersion Rifle | -2/Protoforge | Archive Robot Schematics ------------------ Y-45 Defender | -8/Recycling | Hacked M-28 Smith | -8/Recycling | Hacked E-15 Imp | -6/Zion | Archive S-27 Virus | -6/Zion | Archive A-02 Transporter | -6/Zion | Archive D-83 Annihilator | -6/Zion | Archive G-67 Veteran | -3/Testing | Archive A-27 Freighter | -3/Testing | Archive L-61 Swordsman | -3/Testing | Archive B-60 Warrior | -3/Testing | Archive K-01 Serf | -2/Protoforge | Archive H-77 Assassin | -2/Protoforge | Archive R-10 Processor | -2/Protoforge | Archive A-15 Conveyor | -2/Protoforge | Archive C-55 Analyst | -2/Protoforge | Archive Fabricated ------------ Plasma Cutter | x2 | -6/Factory Hyp. Gauss Cannon | x2 | -5/Factory Hyp. Alpha Cannon | x1 | -4/Factory | Authchip Deep Structural Scanner | x1 | -4/Factory | Authchip Hyp. Alpha Cannon | x1 | -2/Research | Authchip Exp. Hacking Suite | x1 | -2/Research | Authchip Adv. Phase Shifter | x2 | -1/Access | Preloaded Repaired ---------- Wheel | 17% | -6/Factory Studied --------- Carbon-fiber Leg | -5/Factory | Hacked Imp. Remote Datajack | -5/Factory | Hacked Hvy. Shock Bomb Launcher | -5/Factory | Hacked Lrn. Proton Cannon | -5/Factory | Hacked Com. Wheel | -5/Factory | Hacked Linear Gravjet | -4/Factory | Hacked Imp. Linear Gravjet | -4/Factory | Hacked Railgun | -4/Factory | Hacked Imp. Antigrav System | -4/Factory | Hacked Antigrav System | -4/Factory | Hacked Antigrav Array | -3/Research | Hacked Cmb. Gravmag System | -3/Testing | Hacked Particle Reactor | -3/Testing | Hacked Mic. Antimatter Reactor | -2/Research | Hacked Quantum Reactor | -2/Quarantine | Hacked Gravmag Array | -2/Quarantine | Hacked Com. HERF Cannon | -1/Access | Hacked Alien Tech Used ----------------- Sigix Broadsword Core Stripper High-powered Transdimensional Reconstructor Concept Nanofilaments [Tensile] Achievements -------------- Inventory Pressure Martial Artist Scientist At Large Challenges ------------ None Game ------ Seed StructuralAlphaObliterator Manual? 0 Play Time 09:33:37 Cumulative 695.4 hours Start 2025.12.05 @ 21:59:09 End 2025.12.09 @ 20:17:27 Sessions 7 Manual Loads 0 Difficulty Rogue Special Mode None Game No. 226 Rogue 210 Adventurer 15 Explorer 1 Win Type - Total 40 Types 10/4/10/2/2/0/6/3/1/2 Lore% 94 Gallery% 90 Achievement% 69 Wizard Run 0 Options --------- Layout 0 ASCII 0 Keyboard 0 Movement Numpad Keybinds 0 Fullscreen 1 Font 18/SmallcapsGlow Map View 76x50 Zoom Use 0% Tactical HUD 1 Map Filters NONE Filters NONE Steam 1 RUN: 7819cb89-8ec4-4520-9a2b-ace486ee8508